Cogmind - Beta 12 @@@ ROGUE MODE // 2023.03.28 @ 17:48:48 Player: Savant Result: Establishing 0b11! Performance ------------- Evolutions (9) 4500 Regions Visited (37) 7400 Robots Destroyed (520) 2600 Value Destroyed (32194) 32194 Prototype IDs (291) 5820 Alien Tech Used (18) 3600 Bonus (44657) 44657 TOTAL SCORE: 100771 Bonus ------- High Alert Combat Kills 2049 Follower Combat Kills 11902 Entered Garrisons 2000 Used RIF Installer 6000 Network Hubs Disabled 800 Built Enhanced Grunts 300 A7 Reached Mainframe 300 Met MAIN.C 5000 Hacked MAIN.C 300 Destroyed MAIN.C Shell 5000 Destroyed MAIN.C 10000 Met Architect 300 Destroyed A8 300 Win 3000 Friendly Fire -2594 Cogmind --------- Core Integrity 250/1850 Matter 22/300 Energy 555/1100 System Corruption 0% Temperature Cool (10) Movement Walking (120) Location 0b11 Command Parts ------- > --- POWER (2) -------- Improved Quantum Reactor > --- PROPULSION (6) --- Centrium Leg Centrium Leg High-density Centrium Leg High-density Centrium Leg High-density Centrium Leg > --- UTILITY (14) ----- Huge Storage Unit Advanced Energy Well Spectral Analyzer Advanced Targeting Computer Advanced Targeting Computer Experimental Armor Integrity Analyzer Advanced Particle Accelerator Centrium Light Armor Plating > --- WEAPON (4) ------- Improved Potential Cannon Graviton Cannon Ragnarok Missile Launcher > --- INVENTORY (25) --- Experimental Cooling System Advanced Energy Well (500) Experimental Matter Compressor (0) Beam Splitter Heavy Quantum Rifle Heavy Quantum Rifle Multirail Compact Linear Accelerator Compact Linear Accelerator Sigix Broadsword Peak State ------------ > --- POWER ------------ Vortex Chain Reactor > --- PROPULSION ------- High-density Centrium Leg High-density Centrium Leg High-density Centrium Leg Myomer Exoskeleton > --- UTILITY ---------- Experimental Cooling System Huge Storage Unit Spectral Analyzer Experimental Terrain Scan Processor Advanced Targeting Computer Advanced Targeting Computer Experimental Core Analyzer Experimental Armor Integrity Analyzer Advanced Particle Accelerator Experimental Reaction Control System Centrium Light Armor Plating Heavy Regenerative Plating Experimental Force Field > --- WEAPON ----------- Improved Potential Cannon Sigix Broadsword > --- INVENTORY -------- Zero-point Reactor Centrium Leg Centrium Leg Advanced Energy Well Advanced Energy Well Experimental Matter Compressor Long-range Terrain Scanner Recoil Nullifier Advanced Kinecellerator Advanced Weapon Cycler Centrium Medium Armor Plating Beam Splitter Experimental EM Disruption Field Transdimensional Reconstructor Microwarp Drive Heavy Quantum Rifle Heavy Quantum Rifle Multirail Compact Linear Accelerator Compact Linear Accelerator Graviton Cannon Perforator Ragnarok Missile Launcher [Rating: 275] Favorites ----------- Power Heavy Antimatter Reactor Engine Heavy Ion Engine Power Core Enhanced Nuclear Core Reactor Heavy Antimatter Reactor Propulsion Improved Heavy Treads Treads Improved Heavy Treads Leg Centrium Leg Wheel Armored Wheel Hover Unit Improved Antigrav System Flight Unit Improved VTOL Module Utility Huge Storage Unit Device Experimental Cooling System Storage Huge Storage Unit Processor Advanced Targeting Computer Hackware Advanced Hacking Suite Protection Centrium Medium Armor Plating Artifact Phase Redirector Weapon Advanced Remote Datajack Energy Gun Improved EM Shotgun Energy Cannon Enhanced Nova Cannon Ballistic Gun Helical Railgun Ballistic Cannon Heavy Linear Accelerator Launcher Mini Grenade Launcher Special Weapon Advanced Remote Datajack Impact Weapon Impact Mace Slashing Weapon Sigix Broadsword Special Melee Weapon Datajack Build | -11 -10 -9 -9 -9 -8 -8 -8 -8 -8 -7 -7 -7 -7 -7 -7 -6 -6 -6 -6 -5 -5 -5 -5 -4 -4 -4 -4 -4 -3 -3 -3 -2 -2 -2 -1 -1 -1 ------- Run | Jun Mat Mat Min Exi Min Mat Gar Mat Gar Fac Gar Fac Gar Fac Gar Fac Gar Fac Gar Fac Gar Fac Gar Fac Ext Cet Arc Hub Res Qua Sec Res Tes Gar Acc Com Ac0 Slots Evolved 18 | . . 2 . . . 2 . . . 2 . . . . . 2 . . . 2 . . . 2 . . . . 2 . . 2 . . 2 . . Power 1 | . . . . . . . . . . . . . . . . . . . . . . . . . . . . . . . . 1 . . . . . Propulsion 4 | . . . . . . 2 . . . . . . . . . . . . . . . . . . . . . . 2 . . . . . . . . Utility 11 | . . 2 . . . . . . . 2 . . . . . 2 . . . 1 . . . 2 . . . . . . . . . . 2 . . Weapon 2 | . . . . . . . . . . . . . . . . . . . . 1 . . . . . . . . . . . 1 . . . . . Parts Attached 1342 | 6 26 66 8 3 8 52 41 20 26 37 33 31 30 23 32 38 24 33 16 46 12 18 38 46 18 9 8 60 68 82 109 50 46 20 36 65 58 Power 43 | 1 . 4 . . 1 2 2 1 1 1 1 . . 1 . . . . . . . . . . 1 . 2 1 1 5 3 3 2 . 2 6 2 Engine 8 | 1 . 4 . . 1 1 . 1 . . . . . . . . . . . . . . . . . . . . . . . . . . . . . Core 11 | . . . . . . 1 2 . 1 1 1 . . . . . . . . . . . . . 1 . 1 . . . . . . . . 3 . Reactor 24 | . . . . . . . . . . . . . . 1 . . . . . . . . . . . . 1 1 1 5 3 3 2 . 2 3 2 Propulsion 162 | 2 19 24 2 . 2 22 12 1 1 7 7 . 2 1 10 . 1 1 . . . . 2 . 1 1 . 1 9 10 8 5 3 . 2 4 2 Treads 81 | 1 9 12 1 . 1 11 4 . 1 1 2 . 2 1 4 . 1 1 . . . . 2 . 1 1 . 1 6 10 6 2 . . . . . Leg 20 | . . . . . . . . . . . 3 . . . 1 . . . . . . . . . . . . . . . 2 3 3 . 2 4 2 Wheel 55 | 1 10 12 1 . 1 11 8 1 . 2 1 . . . 5 . . . . . . . . . . . . . 2 . . . . . . . . Hover 1 | . . . . . . . . . . . . . . . . . . . . . . . . . . . . . 1 . . . . . . . . Flight 5 | . . . . . . . . . . 4 1 . . . . . . . . . . . . . . . . . . . . . . . . . . Utility 542 | 1 4 18 . 1 1 14 4 9 10 18 9 8 9 3 6 16 9 14 9 26 3 9 14 26 6 1 2 31 25 26 49 32 25 13 26 31 34 Device 255 | . 1 8 . . . 10 2 5 5 6 3 2 5 1 . 4 2 2 1 9 1 2 3 14 5 . 1 19 10 12 21 18 18 5 16 16 28 Storage 16 | 1 1 4 . 1 . . . . . 1 . 1 . . . . . . . . . 1 . . . . . 2 1 . . 1 . . . 1 1 Processor 20 | . . . . . 1 1 . . . 2 . . . . . . . . . 1 . 1 . . . . . 2 . . 3 2 1 . 3 3 . Hackware 111 | . . . . . . 1 1 . 3 5 5 4 4 2 6 8 4 7 7 11 2 3 6 11 1 . . 1 2 . 2 1 2 6 3 3 . Protection 111 | . 2 6 . . . 2 1 4 2 4 1 1 . . . 4 3 5 1 5 . 2 5 1 . 1 1 7 12 7 14 3 2 1 3 7 4 Artifact 29 | . . . . . . . . . . . . . . . . . . . . . . . . . . . . . . 7 9 7 2 1 1 1 1 Weapon 595 | 2 3 20 6 2 4 14 23 9 14 11 16 23 19 18 16 22 14 18 7 20 9 9 22 20 10 7 4 27 33 41 49 10 16 7 6 24 20 Energy Gun 50 | . . 11 4 1 2 5 . . 5 3 8 . 2 . . . . . . . . . 1 . . 1 . . 1 1 . . 2 . . 2 1 Energy Cannon 127 | . . 1 . . . 3 4 2 . . 2 10 8 4 2 8 2 9 4 2 . . 3 2 2 . . 5 13 10 19 1 2 1 2 1 5 Ballistic Gun 61 | 2 . 3 . . . 1 4 2 . . . . . 4 3 1 . . . 1 . . . . . 3 2 8 . . 6 6 3 3 1 8 . Ballistic Cannon 39 | . . . . . . . . . . . . . . . . . 1 . . 2 3 . 6 2 1 . . 1 2 4 2 . 1 . . 5 9 Launcher 14 | . . . 1 . 2 . 3 . 1 . . . . . . . 3 . . . . . . . . . . . . . 1 . . 1 . . 2 Special Weapon 166 | . . . . . . . . . 4 6 3 9 6 5 5 7 4 5 1 9 3 5 7 10 5 2 2 8 11 17 13 2 6 2 3 6 . Impact Weapon 72 | . 2 5 1 . . 4 . . . . . . . . 3 4 3 4 1 6 3 4 5 5 2 1 . 5 6 8 . . . . . . . Slashing Weapon 60 | . 1 . . . . 1 10 3 4 2 3 4 3 5 3 2 1 . 1 . . . . . . . . . . 1 8 1 2 . . 2 3 Piercing Weapon . | . . . . . . . . . . . . . . . . . . . . . . . . . . . . . . . . . . . . . . Special Melee Weapon 6 | . . . . 1 . . 2 2 . . . . . . . . . . . . . . . 1 . . . . . . . . . . . . . Unidentified Prototypes 22 | . . 2 . . . . . . . . . . . . . . . . . . . . . . . 3 . 4 . 1 6 . 5 . 1 . . Corrupted Parts 1 | . . . . . . . . . . . . . . . . . . 1 . . . . . . . . . . . . . . . . . . . System Corruption 5 | . . . . . . . . . . . . . . . . . . 5 . . . . . . . . . . . . . . . . . . . Parts Lost 73 | . 5 6 . . 2 1 3 . . . 2 . . 1 3 2 . 4 1 . . . 2 3 1 . . 7 1 2 5 2 . . 2 2 16 Power 9 | . . . . . 1 1 1 . . . . . . . . . . . . . . . . . 1 . . . . . . 1 . . 1 1 2 Propulsion 14 | . 3 1 . . . . . . . . 2 . . . 1 . . 2 . . . . . . . . . 1 1 . 1 1 . . . . 1 Utility 41 | . 1 5 . . 1 . 1 . . . . . . . 1 2 . 2 1 . . . 2 3 . . . 5 . 1 2 . . . 1 1 12 Weapon 9 | . 1 . . . . . 1 . . . . . . 1 1 . . . . . . . . . . . . 1 . 1 2 . . . . . 1 Highest Loss Streak 9 | . 3 3 . . 2 1 1 . . . 2 . . 1 1 1 . 4 1 . . . 2 1 1 . . 2 1 1 1 2 . . 2 2 9 To Critical Strikes 2 | . . . . . . . . . . . . . . . . . . . . . . . . . 1 . . . . . . . . . . . 1 Average Slot Usage (%) 87 | . 97 98 100 100 93 100 99 99 91 93 87 84 83 83 88 92 92 89 85 82 82 81 81 82 83 87 88 86 86 82 78 84 86 87 84 83 76 Engine 1 | . 14 11 11 11 11 6 5 . 1 . . . . . . . . . . . . . . . . . . . . . . . . . . . . Core 1 | . . . . . . 2 3 8 7 7 7 7 7 2 . . . . . . . . . . 1 5 5 4 . . . . . . . . . Reactor 3 | . . . . . . . . . . . . . . 4 7 6 6 6 6 5 5 5 5 5 3 . . . 4 4 4 7 8 8 6 5 3 Treads 10 | . 17 10 11 11 11 20 18 18 10 4 7 15 14 14 12 6 6 9 13 11 11 11 10 10 10 10 10 9 15 13 14 13 3 . . . . Leg 2 | . . . . . . . . . . . 5 . . . 1 . . . . . . . . . . . . . . . . 3 12 16 15 15 15 Wheel 3 | . 10 11 10 11 10 15 17 17 18 8 3 . . . 5 13 13 6 . . . . . . . . . . 2 . . . . . . . . Device 7 | . . 20 33 33 23 13 5 7 3 6 4 . 2 . . 1 . 1 4 2 8 1 9 12 9 6 5 8 7 4 5 8 5 9 9 12 14 Storage 5 | . 14 11 11 11 11 9 9 9 9 4 7 7 7 7 7 6 6 6 6 5 5 5 5 5 5 5 5 5 4 4 4 4 4 4 3 3 3 Processor 6 | . . . . . 3 9 9 9 9 10 7 7 7 7 7 6 6 6 6 5 5 5 5 5 5 5 5 4 4 4 3 4 4 4 10 18 21 Hackware 22 | . . . . . . 3 9 8 4 18 24 29 27 29 29 35 27 31 29 34 25 32 29 32 36 36 36 31 27 27 25 24 31 24 19 7 . Protection 3 | . 12 10 . . . 1 3 1 9 3 . . . . . 1 11 5 4 2 5 4 1 . . 3 3 4 5 6 3 3 1 3 2 5 5 Energy Gun 1 | . . 12 21 12 21 5 . . 9 5 6 1 . . . . . . . . . . . . . . . . . . . . . . . . . Energy Cannon 2 | . . . . . . 8 5 1 . . . 7 3 2 1 4 3 5 2 . . . . . . . . 1 3 3 2 3 4 3 3 1 1 Ballistic Gun 1 | . 22 2 . . . 2 6 10 . . . . . 1 3 . . . . . . . . . . 8 10 8 . . 2 3 . 3 . 2 . Ballistic Cannon 1 | . . . . . . . . . . . . . . . . . . . . 4 5 5 6 6 5 . . 1 . 1 . . . . . 3 4 Special Weapon 2 | . . . . . . . . . . 3 3 4 4 5 3 4 3 3 4 2 1 2 1 1 4 4 4 2 2 4 1 1 3 1 2 1 . Impact Weapon 1 | . 4 6 . . . . . . . . . . . . 1 2 3 3 5 2 3 2 1 1 . . . . 1 1 . . . . . . . Slashing Weapon 1 | . . . . . . . 6 4 6 5 3 1 4 4 4 . . . . . . . . . . . . . . . 2 4 4 4 3 2 1 Naked Turns . | . . . . . . . . . . . . . . . . . . . . . . . . . . . . . . . . . . . . . . Heaviest Build 194 | 12 30 61 57 57 57 65 65 69 69 74 78 105 107 112 111 122 152 134 122 142 147 149 155 150 144 136 123 141 142 166 152 181 182 182 180 194 192 Greatest Support 220 | 10 40 40 16 16 16 112 84 56 70 70 150 150 150 150 150 75 75 150 150 150 150 150 150 150 150 145 145 145 210 210 220 197 188 188 190 196 196 Greatest Overweight (x) 8 | 1 2 3 3 3 3 2 2 5 2 3 5 . . 1 8 5 6 4 . . . . 1 . . . . . 8 1 . . . . . 1 1 Average Overweight (x) . | . . 2 3 3 3 1 1 2 1 . . . . . 1 4 4 1 . . . . . . . . . . . . . . . . . . . Largest Inventory Capacity 25 | 8 15 20 20 20 20 20 20 20 20 20 20 25 25 25 25 25 25 25 25 25 25 25 25 25 25 25 25 25 25 25 25 25 25 25 25 25 25 Average Capacity 23 | 6 10 19 20 20 20 20 20 20 20 13 20 21 25 25 25 25 25 25 25 25 25 25 25 25 25 25 25 25 25 25 25 25 25 25 25 25 25 Most Carried 25 | 6 12 20 20 20 20 20 20 20 20 20 20 25 25 25 25 25 25 25 25 25 25 25 25 25 25 25 25 25 25 25 25 25 25 25 25 25 25 Average Carried 22 | 4 8 18 19 19 19 19 19 19 19 13 19 21 24 24 23 24 24 24 24 24 24 24 23 24 24 24 24 24 24 24 24 23 24 24 24 24 22 Final Capacity 25 | 8 15 20 20 20 20 20 20 20 20 20 20 25 25 25 25 25 25 25 25 25 25 25 25 25 25 25 25 25 25 25 25 25 25 25 25 25 25 Final Carried 25 | 6 10 19 20 20 19 20 20 20 20 20 20 25 24 23 25 25 25 24 25 25 25 25 25 25 25 25 25 25 25 24 24 25 25 25 25 25 11 Class Distribution -------------------- 61% | Botlord-Mutant 14% | Mutant 8% | Bothacker-Mutant 5% | Botlord-Gunner 3% | Botlord-Assassin Dominant Class ---------------- Mutant | -10/Materials Mutant | -9/Materials Mutant | -9/Mines Mutant | -9/Exiles Mutant | -8/Mines Mutant | -8/Materials Mutant | -8/Garrison Bothacker-Mutant | -8/Materials Bothacker-Mutant | -8/Garrison Bothacker-Mutant | -7/Factory Bothacker-Mutant | -7/Garrison Bothacker-Mutant | -7/Factory Botlord-Mutant | -7/Garrison Botlord-Mutant | -7/Factory Botlord-Mutant | -7/Garrison Botlord-Mutant | -6/Factory Botlord-Mutant | -6/Garrison Botlord-Mutant | -6/Factory Botlord-Mutant | -6/Garrison Botlord-Mutant | -5/Factory Botlord-Mutant | -5/Garrison Botlord-Mutant | -5/Factory Botlord-Mutant | -5/Garrison Botlord-Mutant | -4/Factory Botlord-Mutant | -4/Extension Botlord-Mutant | -4/Cetus Botlord-Mutant | -4/Archives Botlord-Mutant | -4/Hub_04(d) Botlord-Mutant | -3/Research Botlord-Mutant | -3/Quarantine Botlord-Mutant | -3/Section 7 Botlord-Mutant | -2/Research Botlord-Mutant | -2/Testing Botlord-Mutant | -2/Garrison Botlord-Assassin | -1/Access Botlord-Mutant | -1/Command Scavenger-Assassin | -1/Access_0 Resources | -11 -10 -9 -9 -9 -8 -8 -8 -8 -8 -7 -7 -7 -7 -7 -7 -6 -6 -6 -6 -5 -5 -5 -5 -4 -4 -4 -4 -4 -3 -3 -3 -2 -2 -2 -1 -1 -1 ----------- Run | Jun Mat Mat Min Exi Min Mat Gar Mat Gar Fac Gar Fac Gar Fac Gar Fac Gar Fac Gar Fac Gar Fac Gar Fac Ext Cet Arc Hub Res Qua Sec Res Tes Gar Acc Com Ac0 Matter Collected 27362 | 237 438 621 358 . 95 484 653 274 326 380 551 482 652 459 584 685 380 495 355 1144 590 461 908 1288 1042 129 148 2364 1769 2308 2135 425 427 405 305 2175 830 Remotely . | . . . . . . . . . . . . . . . . . . . . . . . . . . . . . . . . . . . . . . Salvage Created 28544 | . 653 1789 208 . 116 1460 900 357 185 463 903 369 806 431 1186 354 257 379 298 657 312 209 579 486 363 . 117 1979 1420 1768 3400 1463 1515 742 786 1162 472 Parts 1306 | . 45 114 11 . 20 76 38 33 14 20 27 22 28 16 25 10 11 8 12 31 12 6 26 13 6 . 10 83 50 84 148 92 64 21 38 62 30 Haulers Intercepted 14 | . 1 5 . . . 5 . 3 . . . . . . . . . . . . . . . . . . . . . . . . . . . . . Recyclers Shooed 10 | . 2 . . . . . . . . . . . . 1 . . . . . 1 . . . . . . . . 4 . . . . . 1 1 . Parts Field Recycled . | . . . . . . . . . . . . . . . . . . . . . . . . . . . . . . . . . . . . . . Retrieved Matter . | . . . . . . . . . . . . . . . . . . . . . . . . . . . . . . . . . . . . . . Parts Self-Destructed . | . . . . . . . . . . . . . . . . . . . . . . . . . . . . . . . . . . . . . . Prevented . | . . . . . . . . . . . . . . . . . . . . . . . . . . . . . . . . . . . . . . Kills | -11 -10 -9 -9 -9 -8 -8 -8 -8 -8 -7 -7 -7 -7 -7 -7 -6 -6 -6 -6 -5 -5 -5 -5 -4 -4 -4 -4 -4 -3 -3 -3 -2 -2 -2 -1 -1 -1 ------- Run | Jun Mat Mat Min Exi Min Mat Gar Mat Gar Fac Gar Fac Gar Fac Gar Fac Gar Fac Gar Fac Gar Fac Gar Fac Ext Cet Arc Hub Res Qua Sec Res Tes Gar Acc Com Ac0 Combat Hostiles Destroyed 408 | . 15 33 11 . 10 20 20 7 6 9 10 6 9 5 4 6 6 6 4 11 7 5 6 4 3 . 1 28 15 22 42 19 16 16 5 16 5 Melee 86 | . 3 2 . . . 3 4 3 . 1 . . 1 1 . 1 . 1 1 . . . . . . . . . . . 18 15 15 8 3 6 . Guns 120 | . 10 23 8 . 4 10 2 4 2 7 6 1 1 3 1 . . . . . . . . . . . 1 19 . . 9 3 . 3 . 3 . Cannons 129 | . . . . . . 5 5 . 1 . 4 5 4 1 1 4 . 5 2 9 7 5 6 4 3 . . 7 7 17 9 1 1 2 2 7 5 AOE 37 | . 2 5 3 . 6 . 8 . 3 . . . . . . . 5 . . . . . . . . . . . . 1 1 . . 3 . . . Classes Destroyed 20 | . 8 2 1 . . . 1 . . 1 . 2 . . . . . . . . . . 1 . . . . . . 1 2 1 . . . . . Worker 14 | . 1 . . . . 1 . . . . . . . . . . . . . 4 . . . 1 . . . 1 . 1 1 1 1 . . 2 . Builder 26 | . 1 3 . . 1 2 . . . . . . . 1 . 2 . . . . . . . 6 1 . . . 1 4 1 . 2 . 1 . . Tunneler 1 | . . . . . . . . . . . . . . . . . . . . . . . . . . . . . . . . 1 . . . . . Hauler 14 | . 1 5 . . . 5 . 3 . . . . . . . . . . . . . . . . . . . . . . . . . . . . . Recycler 22 | . 1 1 . . . 1 . . . 1 . 1 . 2 . . . 1 . 1 . . . 2 1 . . . 2 1 1 . 2 . 3 1 . Operator 9 | . 3 2 . . . . . . . . . . . . . . . . . 1 . . . . . . 1 1 . 1 . . . . . . . Watcher 23 | . 2 5 . . . 4 . 2 . . . 1 . . . . . . . 1 . . . . . . . 2 2 . 3 . 1 . . . . Swarmer 80 | . 6 12 3 . 10 4 7 5 3 4 6 . 2 . . . 5 3 1 . 1 . . . . . . . . . . . 1 5 . 2 . Cutter 3 | . . . . . . . . . . . . . . . . . . . . . . . . . . . . . . . 3 . . . . . . Grunt 124 | . 9 10 2 . . 9 9 1 2 4 3 . 4 2 4 3 1 2 . 4 5 1 3 1 . . . 7 3 6 11 5 8 5 . . . Brawler 9 | . . . . . . . . . . . . 1 . . . 1 . . . . . . . . . . . 4 . . 3 . . . . . . Duelist 13 | . . 1 1 . . . 1 . . . . 1 . 3 . 1 . . 2 1 1 1 . . . . . . . . . . . . . . . Researcher 3 | . . . . . . . . . . . . . . . . . . . . . . . . . . . . . . 3 . . . . . . . Sentry 44 | . . 10 . . . 7 2 1 1 . . 1 . . . . . . . 2 . . . . . . 1 3 3 1 7 2 . 2 . 1 . Specialist 8 | . . . . . . . 1 . . . . . 2 . . . . . 1 . . . 1 . . . . . . 3 . . . . . . . Hunter 28 | . . . . . . . . . . . . 1 1 . . . . . . . . 2 2 . 1 . . 5 2 . 4 1 2 3 2 2 . Programmer 74 | . . . . . . . . . . 1 1 2 . . . 1 . 1 . 4 . 1 1 2 1 . . 6 5 12 9 11 5 1 3 7 . Behemoth 7 | . . . . . . . . . . . . . . . . . . . . . . . 1 1 2 . . . 2 . . . . . . 1 . S7 Guard 3 | . . . . . . . . . . . . . . . . . . . . . . . . . . . . . . . 3 . . . . . . Enhanced Grunt 2 | . . . . . . . . . . . . . . . . . . . . . . . . . . . . . . . . . . . . . 2 Enhanced Programmer 3 | . . . . . . . . . . . . . . . . . . . . . . . . . . . . . . . . . . . . . 3 Lightning 3 | . . . . . . . . . . . . . . . . . . . . . . . . . . . . 3 . . . . . . . . . Combat Programmer 2 | . . . . . . . . . . . . . . . . . . . . . . . . . . . . . . . . . . . . 2 . Executioner 2 | . . . . . . . . . . . . . . . . . . . . . . . . . . . . . . . 2 . . . . . . Assembled 5 | . . . 5 . . . . . . . . . . . . . . . . . . . . . . . . . . . . . . . . . . Savage 1 | . . . . . . . . . . . . . . . . . . . . . . . . . 1 . . . . . . . . . . . . Butcher 1 | . . . . . . . . . . . . . . . . . . . . . . . . . 1 . . . . . . . . . . . . Best Kill Streak 9 | . 9 9 3 . 7 9 4 3 4 4 4 2 3 4 2 2 3 2 2 3 4 2 2 7 4 . 1 6 4 4 5 5 3 5 4 3 2 Combat Bots Only 7 | . 5 6 3 . 7 4 4 3 4 4 4 2 3 3 2 2 3 2 2 2 4 2 2 2 1 . 1 5 4 4 5 5 3 5 2 2 2 Max Kills in Single Turn 3 | . 3 3 2 . 2 2 3 1 3 2 1 1 1 2 1 1 3 1 1 2 2 1 1 2 1 . 1 2 1 2 2 1 1 1 2 2 1 Gunslinging 1 | . . 1 . . . . . . . 1 . . . . . . . . . . . . . . . . . 1 . . 1 . . . . . . Exploded 3 | . 2 1 2 . 2 . 3 . 3 . . . . . . . 3 . . . . . . . . . . . . 1 1 . . 1 . . . Melee 1 | . 1 1 . . . 1 1 1 . 1 . . 1 1 . 1 . 1 1 . . . . . . . . . . . 1 1 1 1 1 1 . Uniques/NPCs Destroyed 3 | . . . . . . . . . . . . . . . . . . . . . . . . . . . . . . . . . . . . 2 1 MAIN.C Shell (-1/Command) MAIN.C (-1/Command) A8 (-1/Access_0) Combat | -11 -10 -9 -9 -9 -8 -8 -8 -8 -8 -7 -7 -7 -7 -7 -7 -6 -6 -6 -6 -5 -5 -5 -5 -4 -4 -4 -4 -4 -3 -3 -3 -2 -2 -2 -1 -1 -1 -------- Run | Jun Mat Mat Min Exi Min Mat Gar Mat Gar Fac Gar Fac Gar Fac Gar Fac Gar Fac Gar Fac Gar Fac Gar Fac Ext Cet Arc Hub Res Qua Sec Res Tes Gar Acc Com Ac0 Damage Taken 44865 | . 908 1257 170 . 164 1075 1114 156 22 383 647 435 932 1086 876 306 196 1055 386 1047 305 154 764 1133 496 22 . 3024 1861 3371 7327 1305 949 1780 816 1053 8290 Core 5144 | . 111 106 22 . 42 97 151 27 . 33 59 98 20 109 85 55 20 176 32 125 42 17 57 61 76 . . 192 263 384 664 45 211 465 50 73 1176 Absorbed by Shields 5152 | . . . . . . . . . . . 11 . . 15 . . . . . 149 118 78 . . 8 22 . 126 . . . 365 506 1695 323 997 739 Reduced by Siege Mode 1160 | . . . . . . . . . . . 24 . 72 157 . . . . 9 35 8 . 19 99 20 . . 192 123 129 265 8 . . . . . Redirected to Core 750 | . . . . . . . . . . . . . . . . . . . . . . . . . . . . . . 220 . 11 153 366 . . . Redirected to Shielding 222 | . 10 . . . . . . . . . . . . . . . . . . . . . . . . . . 24 135 53 . . . . . . . Regen/Repaired (Parts) 11821 | . . . . . . 179 . 83 . . . 61 232 691 . 86 . . . 994 150 48 305 193 . . . . 1325 1810 2165 629 707 547 402 274 940 Core Remaining (%) 55 | 100 55 . . . 57 . . . 50 . . . . . 42 . . . 66 . . . 75 . . . . 71 . . 24 . . 57 . . 13 Volleys Fired 1821 | . 85 50 21 . 11 58 39 15 17 25 43 47 66 48 51 53 20 65 44 109 31 35 37 66 65 1 7 127 73 112 175 29 18 21 30 78 49 Largest 4 | . 2 2 2 . 2 2 2 2 2 2 2 2 2 2 2 2 1 2 2 3 2 1 2 2 2 3 3 3 3 3 3 2 2 2 2 4 3 Hottest 360 | . 40 113 90 . 90 160 103 68 130 130 210 210 170 138 63 135 90 195 195 215 144 83 188 193 193 105 105 176 270 289 256 143 158 158 240 223 360 Shots Fired 2700 | . 170 100 36 . 18 106 69 23 23 40 61 63 90 65 56 61 20 77 51 115 43 35 56 90 83 3 17 257 97 170 254 45 19 27 43 144 73 Gun 905 | . 170 99 32 . 14 64 31 22 13 30 23 1 14 19 8 . . . . 3 . . . . . 3 12 146 7 11 92 23 1 8 1 49 9 Cannon 1091 | . . 1 . . . 42 32 1 1 . 14 35 35 24 5 22 4 36 15 38 27 16 39 57 44 . . 78 71 130 140 17 8 4 30 64 61 Launcher 27 | . . . 4 . 4 . 6 . 1 . . . . . . . 4 . . . . . . . . . . . . . 1 . . 4 . . 3 Special 677 | . . . . . . . . . 8 10 24 27 41 22 43 39 12 41 36 74 16 19 17 33 39 . 5 33 19 29 21 5 10 11 12 31 . Kinetic 1006 | . 170 8 . . . 8 31 22 . . . . . 19 8 . 2 . . 35 27 16 36 53 37 3 12 181 10 51 99 23 1 8 1 101 44 Thermal 621 | . . 1 . . . 42 32 1 1 . 14 35 35 24 5 22 2 36 15 8 . . 5 4 7 . 3 27 24 69 112 17 8 4 30 12 26 Explosive 27 | . . . 4 . 4 . 6 . 1 . . . . . . . 4 . . . . . . . . . . . . . 1 . . 4 . . 3 Electromagnetic 387 | . . 91 32 . 14 56 . . 13 30 23 1 14 . . . . . . . . . . . . . . 23 46 23 21 . . . . . . Robot Hit Streak 46 | . 12 27 6 . 4 31 21 7 9 11 10 16 15 23 24 9 15 16 9 12 14 25 13 16 14 15 18 29 30 31 46 17 21 8 7 12 9 Robot Miss Streak 8 | . 5 2 2 . 4 4 1 5 2 2 2 1 3 2 1 2 1 2 2 2 2 2 2 4 3 . 1 2 3 3 3 1 1 1 3 3 8 Penetration Max 1 | . . . . . . . . . . . . . . 1 . . . . . . . . . 1 1 . 1 1 1 1 1 . . . . 1 . Secondary Targets 20 | . 3 5 . . . 2 . . 1 3 2 . . . . . . . . . . . . . . . . 2 . . 1 . . 1 . . . Max Gunslinging Chain 1 | . 1 1 . . . 1 . . 1 1 1 . . . . . . . . . . . . . . . . 1 . . 1 . . 1 . . . Shots Hit Robots 2339 | . 116 123 27 4 9 90 74 33 16 38 64 45 79 57 88 51 16 46 39 101 31 30 40 63 64 3 14 178 76 135 203 76 60 45 36 125 44 Core Hits 816 | . 49 71 20 . 11 46 36 16 10 12 20 8 17 14 19 9 10 4 5 16 8 6 9 9 9 1 5 72 15 31 84 26 25 22 10 44 47 Critical Kills 55 | . . . . . . . 1 . . . . . 1 1 . 1 . . . . 3 . 3 1 2 . 1 12 6 11 4 1 . 1 1 . 5 Critical Parts Destroyed 96 | . . 4 . . . 2 . . . . . . . . 1 3 1 1 1 1 2 . 4 4 1 . 1 28 3 24 2 1 . . . 2 10 Critical Strikes 225 | . . 5 . . . 4 3 . 1 . 1 . 2 1 7 4 1 1 1 6 7 1 11 9 5 . 2 43 15 37 22 7 2 1 3 7 16 Meltdown 3 | . . . . . . . 1 . . . . . 1 . . . . . . . . . . . . . . . . . . . . . 1 . . Destroy 139 | . . . . . . . . . . . . . . 1 . . . . . . 5 . 9 7 5 . 2 40 8 32 8 2 . 1 . 3 16 Blast 11 | . . . . . . . . . . . . . . . . . . . . 4 2 1 2 1 . . . . . . . . . . . 1 . Corrupt 20 | . . . . . . . . . 1 . . . 1 . . . . . . . . . . . . . . 3 6 2 7 . . . . . . Smash 21 | . . 5 . . . 2 . . . . . . . . 1 4 1 1 1 1 . . . 1 . . . . 1 3 . . . . . . . Sever 31 | . . . . . . 2 2 . . . 1 . . . 6 . . . . 1 . . . . . . . . . . 7 5 2 . 2 3 . Melee Attacks 1153 | . 21 81 1 4 . 26 59 26 24 15 38 3 34 11 73 23 23 23 37 30 11 18 8 16 3 . . 6 31 25 120 97 89 57 48 68 4 Impact 363 | . 13 81 1 . . 9 . . . . . . . . 14 21 20 23 33 30 11 18 8 16 3 . . 6 31 25 . . . . . . . Slashing 778 | . 8 . . . . 17 57 20 24 15 38 3 34 11 59 2 3 . 4 . . . . . . . . . . . 120 97 89 57 48 68 4 Piercing . | . . . . . . . . . . . . . . . . . . . . . . . . . . . . . . . . . . . . . . Sneak Attacks 75 | . 1 3 . 4 . 6 1 10 . 1 . 1 . 1 . 3 1 1 2 7 . . 3 3 2 . . . 3 4 2 2 5 5 1 3 . Combat Hostiles 19 | . . . . . . 1 1 . . . . . . 1 . 1 1 . 2 5 . . . . 2 . . . . . . . . 5 . . . Follow-up Attacks 9 | . . 8 . . . 1 . . . . . . . . . . . . . . . . . . . . . . . . . . . . . . . Damage Inflicted 85334 | . 1599 2975 661 . 506 2799 2931 847 377 839 2312 890 2234 1082 2883 843 811 719 762 3734 914 1123 1950 2134 1822 48 400 5393 2865 4491 9845 4615 4100 3898 1673 5146 5113 Guns 15580 | . 965 1415 357 . 103 1027 378 284 260 579 275 28 242 413 135 . . . . 48 . . . . . 48 352 3550 217 231 2392 672 . 123 . 1345 141 Cannons 30148 | . . . . . . 464 666 20 21 . 578 743 725 582 109 407 28 415 355 2638 914 1123 1627 1744 1698 . . 1437 2133 3674 2123 172 43 172 737 1541 3259 Explosions 7435 | . 465 592 304 . 403 406 803 . 96 . 49 . 35 . . . 376 . . 304 . . . . . . . 305 81 53 65 . . 1385 . . 1713 Melee 31704 | . 169 968 . . . 902 1084 543 . 252 1410 94 1232 62 2639 436 407 278 407 710 . . 289 389 124 . . . 360 517 5265 3735 4057 2218 936 2221 . Ramming 234 | . . . . . . . . . . 8 . 25 . 25 . . . 26 . . . . . 1 . . . . 74 . . 36 . . . 39 . Kinetic 24295 | . 965 61 . . . 85 378 284 . . . . . 413 135 . . . . 2480 914 1123 1627 1744 1698 48 352 4050 180 973 2520 672 . 123 . 2579 891 Thermal 16063 | . . 592 26 . 43 754 666 20 21 . 627 743 760 582 109 407 28 415 355 240 . . 34 . . . 48 410 573 1928 1150 172 43 172 737 307 4101 Explosive 4253 | . 465 . 278 . 360 . 803 . 96 . . . . . . . 376 . . 304 . . . . . . . . . . 65 . . 1385 . . 121 Electromagnetic 8785 | . . 1354 357 . 103 1058 . . 260 579 275 28 242 . . . . . . . . . . . . . . 933 1678 1073 845 . . . . . . Impact 5061 | . 32 968 . . . 344 . . . . . . . . 195 436 187 278 232 710 . . 289 389 124 . . . 360 517 . . . . . . . Slashing 26643 | . 137 . . . . 558 1084 543 . 252 1410 94 1232 62 2444 . 220 . 175 . . . . . . . . . . . 5265 3735 4057 2218 936 2221 . Piercing . | . . . . . . . . . . . . . . . . . . . . . . . . . . . . . . . . . . . . . . Highest Corruption 14 | . 9 . . . . . . . . . 1 2 3 3 3 . . 5 . 2 . . 8 2 2 2 2 10 4 14 . . . . . . . Average Corruption 3 | . 9 . . . . . . . . . 1 1 2 3 3 . . 3 . 1 . . 5 1 2 2 1 5 3 7 . . . . . . . Corruption Purged 34 | . . . . . . . . . . . . . . . . . . 5 . 4 . . 9 . . . 2 . . 14 . . . . . . . Corruption Blocked 60 | . . . . . . . . . . . . . . . . . . . . . . . . . . . . . . 45 15 . . . . . . Effects 340 | . 3 . . . . . . . . . 6 11 23 30 35 . . 2 . 14 . . 8 15 25 3 3 12 52 98 . . . . . . . Message Errors 91 | . . . . . . . . . . . 1 5 6 7 10 . . . . 2 . . 2 5 5 . 1 4 18 25 . . . . . . . Matter Fused 73 | . 1 . . . . . . . . . 2 1 6 5 14 . . . . 1 . . 2 2 7 1 . 2 10 19 . . . . . . . Heat Flow Errors 45 | . . . . . . . . . . . 1 3 5 3 5 . . 1 . 2 . . . 1 5 . 1 2 6 10 . . . . . . . Energy Discharges 45 | . 2 . . . . . . . . . . 1 3 7 3 . . . . 4 . . 1 4 1 1 . 1 3 14 . . . . . . . Parts Rejected 7 | . . . . . . . . . . . 1 . . . 1 . . . . . . . . . 1 1 1 . . 2 . . . . . . . Parts Fused 6 | . . . . . . . . . . . . . . . . . . . . . . . 1 1 1 . . . 1 2 . . . . . . . Data Loss (minor) 36 | . . . . . . . . . . . . . 2 4 2 . . 1 . 2 . . . 1 3 . . 3 6 12 . . . . . . . Data Loss (major) 12 | . . . . . . . . . . . . . . 2 . . . . . 2 . . 1 . . . . . 2 5 . . . . . . . Misfires 15 | . . . . . . . . . . . 1 . 1 1 . . . . . 1 . . 1 . 2 . . . 4 4 . . . . . . . Alerts 8 | . . . . . . . . . . . . 1 . 1 . . . . . . . . . . . . . . 2 4 . . . . . . . Weapon Failures 2 | . . . . . . . . . . . . . . . . . . . . . . . . 1 . . . . . 1 . . . . . . . Overload Shots . | . . . . . . . . . . . . . . . . . . . . . . . . . . . . . . . . . . . . . . Overflow Damage 7020 | . 8 107 13 . 23 242 33 4 . 48 178 33 10 37 83 262 144 152 150 671 67 158 186 643 52 . 6 166 366 354 742 426 560 351 237 352 156 Projectiles 2090 | . . . . . . . . . . . 41 33 6 37 . . . 21 12 449 67 158 185 324 52 . 6 72 178 134 144 . . . 13 2 156 Explosions 360 | . 8 11 13 . 23 . 4 . . . . . . . . . 17 . . 46 . . . . . . . 94 . . 54 . . 90 . . . Melee 4570 | . . 96 . . . 242 29 4 . 48 137 . 4 . 83 262 127 131 138 176 . . 1 319 . . . . 188 220 544 426 560 261 224 350 . Knockbacks 96 | . . 2 . . . . . . . . . . . . . 1 . 2 . 13 4 4 5 10 1 . . 10 5 17 1 . . . . 9 12 Impact 17 | . . 2 . . . . . . . . . . . . . 1 . 2 . 4 . . 1 2 . . . . 3 2 . . . . . . . Kinetic 76 | . . . . . . . . . . . . . . . . . . . . 9 4 3 3 8 1 . . 9 2 15 1 . . . . 9 12 Secondary 3 | . . . . . . . . . . . . . . . . . . . . . . 1 1 . . . . 1 . . . . . . . . . Self-Inflicted Damage 1086 | . 28 177 38 . 49 137 . . . . . . . . . . 61 . . 75 . . . . . . . 167 . . 61 . . 85 . . 208 Shots 25 | . 1 7 2 . 1 4 . . . . . . . . . . 3 . . 1 . . . . . . . 2 . . 1 . . 1 . . 2 Rammed 15 | . . . . . . . . . . 1 . 1 . 4 . . . 1 . . . . . 1 . . . . 6 . . 1 . . . . . Targets Rammed 18 | . . . . . . . . . . 1 . 1 . 4 . . . 1 . . . . . 1 . . . . 6 . . 1 1 . . 2 . Kicked 3 | . . . . . . . . . . . . . . . . . . . . . . . . . . . . . . . . . 1 . . 2 . Crushed . | . . . . . . . . . . . . . . . . . . . . . . . . . . . . . . . . . . . . . . Highest Temperature 354 | . 18 126 18 . 72 306 279 20 198 354 216 315 339 300 227 144 48 234 165 232 2 48 190 240 287 12 75 343 252 167 96 . . . . 18 78 Average Temperature 71 | . 7 46 8 . 30 48 93 9 77 157 90 87 132 127 70 48 26 57 67 40 2 20 60 95 121 8 21 58 115 54 29 . . . . 9 57 Received Heat Transfer 5893 | . 258 342 62 . . 369 477 72 . 81 90 39 351 44 276 153 9 297 30 153 18 9 60 142 63 . . 173 216 669 961 182 202 48 12 29 6 Effects 7 | . . . . . . . . . . 2 1 . 2 1 . . . . . . . . . . 1 . . . . . . . . . . . . Shutdowns 2 | . . . . . . . . . . 1 . . 1 . . . . . . . . . . . . . . . . . . . . . . . . Energy Bleed 4 | . . . . . . . . . . 1 1 . 1 . . . . . . . . . . . 1 . . . . . . . . . . . . Interference 1 | . . . . . . . . . . . . . . 1 . . . . . . . . . . . . . . . . . . . . . . . Siege Activations 50 | . . . . . . . . . . . 3 . 1 1 . . . 1 1 4 3 1 3 2 2 . . 10 5 3 8 2 . . . . . Total Turns 780 | . . . . . . . . . . . 22 . 34 45 . . . 5 8 68 34 7 38 49 40 . . 143 83 56 126 22 . . . . . Longest Duration 47 | . . . . . . . . . . . 10 . 34 45 . . . 5 8 23 21 7 24 42 29 . . 47 22 33 35 14 . . . . . Robots Corrupted 27 | . . . . . . 2 . . . 1 . . 1 . . . . . . . . . . . . . . 2 9 6 6 . . . . . . Combat Hostiles 22 | . . . . . . 1 . . . 1 . . 1 . . . . . . . . . . . . . . 2 8 4 5 . . . . . . Parts Fried 95 | . . 16 2 . . 11 . . . 1 1 1 . . 6 8 2 2 . 2 . . 1 5 . . . 4 8 17 8 . . . . . . Impact Corruptions 63 | . . 9 . . . 7 . . . . . . . . 3 6 3 5 4 4 . . 3 6 . . . . 5 8 . . . . . . . Robots Melted 4 | . . . . . . . 1 . . . . . 2 . . . . . . . . . . . . . . . . . . . . . 1 . . Combat Hostiles 3 | . . . . . . . 1 . . . . . 2 . . . . . . . . . . . . . . . . . . . . . . . . Parts Melted 19 | . . 1 . . . 6 2 . . . . . 3 1 . . . . . 1 . . . . . . . . . . 3 . 1 . 1 . . Heat Transferred 13084 | . . 800 50 . . 1250 1300 37 37 . 492 814 975 740 148 518 37 518 407 277 . . 74 . . . 111 109 309 777 962 148 37 148 629 222 1158 Parts Sabotaged . | . . . . . . . . . . . . . . . . . . . . . . . . . . . . . . . . . . . . . . Parts Stolen . | . . . . . . . . . . . . . . . . . . . . . . . . . . . . . . . . . . . . . . Parts Stripped . | . . . . . . . . . . . . . . . . . . . . . . . . . . . . . . . . . . . . . . Power Chain Reactions 21 | . . 10 1 . 1 5 . . . . 1 . 1 . . . . . . . . . . . . . . . 1 1 . . . . . . . Missiles Intercepted 6 | . . . . . . . . . . . . . . . . . . . . . . . . . . . . . . . . . . . . 6 . Alert | -11 -10 -9 -9 -9 -8 -8 -8 -8 -8 -7 -7 -7 -7 -7 -7 -6 -6 -6 -6 -5 -5 -5 -5 -4 -4 -4 -4 -4 -3 -3 -3 -2 -2 -2 -1 -1 -1 ------- Run | Jun Mat Mat Min Exi Min Mat Gar Mat Gar Fac Gar Fac Gar Fac Gar Fac Gar Fac Gar Fac Gar Fac Gar Fac Ext Cet Arc Hub Res Qua Sec Res Tes Gar Acc Com Ac0 Peak Influence 1513 | . 212 375 114 . 171 347 957 466 558 448 1182 731 974 600 1280 827 1513 817 1211 753 705 446 995 587 349 328 263 709 392 349 806 548 484 685 569 384 . Initial 793 | . . 16 52 . . 31 150 466 151 292 313 620 119 485 266 672 350 793 48 635 38 369 233 522 70 56 131 . 354 12 102 450 203 71 410 112 . Average 365 | . 90 153 40 . 51 150 559 300 370 293 728 387 585 455 863 577 1097 326 867 454 447 364 626 271 78 239 114 221 180 131 309 367 246 466 286 189 . Maximum Alert Level 4 | . 1 1 . . . 1 3 2 2 2 4 3 3 2 4 3 4 3 4 3 3 2 3 2 1 1 1 3 1 1 3 2 2 2 2 3 . Low Security (%) 36 | 100 89 85 100 . 100 60 7 5 25 15 . 39 8 . . . . 53 2 7 20 . . 54 95 46 64 62 61 82 40 . 27 16 28 27 . Level 1 25 | . 10 14 . . . 39 29 82 25 66 9 13 18 24 14 25 6 . 11 30 18 79 20 11 4 53 35 11 38 17 30 65 65 8 50 25 . Level 2 23 | . . . . . . . 36 12 49 17 34 36 47 75 24 48 11 32 18 57 52 20 41 33 . . . 25 . . 23 34 6 75 20 3 . Level 3 10 | . . . . . . . 26 . . . 42 10 24 . 29 26 26 13 39 4 8 . 37 . . . . . . . 5 . . . . 43 . Level 4 3 | . . . . . . . . . . . 13 . . . 30 . 55 . 29 . . . . . . . . . . . . . . . . . . Level 5 . | . . . . . . . . . . . . . . . . . . . . . . . . . . . . . . . . . . . . . . High Security . | . . . . . . . . . . . . . . . . . . . . . . . . . . . . . . . . . . . . . . Max Security . | . . . . . . . . . . . . . . . . . . . . . . . . . . . . . . . . . . . . . . Squads Dispatched 131 | . 5 4 . . . 4 . 1 . 3 . 7 . 9 . 6 . 4 . 8 . 3 . 6 4 . . 17 5 11 15 6 4 . 6 3 . Investigation 25 | . 2 3 . . . 2 . . . 2 . 1 . 3 . 1 . . . 2 . . . 1 2 . . . 1 1 1 1 . . 2 . . Extermination 40 | . . . . . . . . . . 1 . 4 . 1 . 1 . 2 . 2 . 1 . 2 . . . 3 4 6 4 2 2 . 3 2 . Reinforcement 41 | . 3 1 . . . . . . . . . 2 . 3 . 1 . 1 . 3 . 1 . 2 2 . . 11 . 1 5 2 2 . . 1 . Assault 13 | . . . . . . . . . . . . . . 2 . 2 . 1 . 1 . 1 . . . . . 3 . . 2 1 . . . . . Garrison 12 | . . . . . . 2 . 1 . . . . . . . 1 . . . . . . . 1 . . . . . 3 3 . . . 1 . . Intercept . | . . . . . . . . . . . . . . . . . . . . . . . . . . . . . . . . . . . . . . Searches Triggered . | . . . . . . . . . . . . . . . . . . . . . . . . . . . . . . . . . . . . . . Construction Impeded 8 | . . . . . . . . . . . . . . 1 . . . . . . . . . 2 1 . . 3 . . . 1 . . . . . Haulers Reinforced 1 | . . . . . . . . . . . . . . . . . . . . . . . . . . . . 1 . . . . . . . . . Active Scanning Responses . | . . . . . . . . . . . . . . . . . . . . . . . . . . . . . . . . . . . . . . Cargo Convoy Interrupts 1 | . . . . . . . . . . . . . . . . . . . . . . . . . . . . . 1 . . . . . . . . Stealth | -11 -10 -9 -9 -9 -8 -8 -8 -8 -8 -7 -7 -7 -7 -7 -7 -6 -6 -6 -6 -5 -5 -5 -5 -4 -4 -4 -4 -4 -3 -3 -3 -2 -2 -2 -1 -1 -1 --------- Run | Jun Mat Mat Min Exi Min Mat Gar Mat Gar Fac Gar Fac Gar Fac Gar Fac Gar Fac Gar Fac Gar Fac Gar Fac Ext Cet Arc Hub Res Qua Sec Res Tes Gar Acc Com Ac0 Distress Signals 64 | . 3 2 . . . 1 . . . . . 1 . . . 4 . . . 3 . 1 1 . 3 1 . 7 . . 8 2 3 . . 24 . Communications Jammed . | . . . . . . . . . . . . . . . . . . . . . . . . . . . . . . . . . . . . . . Distress Signals . | . . . . . . . . . . . . . . . . . . . . . . . . . . . . . . . . . . . . . . Times Spotted 1158 | . 43 47 14 . 10 32 23 15 15 32 33 19 34 24 31 52 14 29 43 56 30 22 24 20 27 12 10 93 20 53 81 29 33 28 23 49 38 Peak Tracking Total 14 | . 8 9 6 . 4 4 4 4 5 7 6 3 7 6 9 6 4 6 5 5 7 5 7 4 4 6 1 11 4 6 7 5 5 7 5 6 14 Tactical Retreats 66 | . 1 1 2 . . 2 2 . . 9 1 . . 1 1 2 1 . 1 4 2 1 1 . . . . 6 1 9 10 2 4 1 . . 1 Traps | -11 -10 -9 -9 -9 -8 -8 -8 -8 -8 -7 -7 -7 -7 -7 -7 -6 -6 -6 -6 -5 -5 -5 -5 -4 -4 -4 -4 -4 -3 -3 -3 -2 -2 -2 -1 -1 -1 ------- Run | Jun Mat Mat Min Exi Min Mat Gar Mat Gar Fac Gar Fac Gar Fac Gar Fac Gar Fac Gar Fac Gar Fac Gar Fac Ext Cet Arc Hub Res Qua Sec Res Tes Gar Acc Com Ac0 Traps Triggered 30 | . 1 . . . . 1 1 . 2 . 2 . 1 1 3 . 2 1 . 2 . . 1 1 1 . . . 2 . 1 1 . 1 2 3 . Indirectly . | . . . . . . . . . . . . . . . . . . . . . . . . . . . . . . . . . . . . . . Trap Hack Attempts 17 | . . . . . . . 15 2 . . . . . . . . . . . . . . . . . . . . . . . . . . . . . Triggered . | . . . . . . . . . . . . . . . . . . . . . . . . . . . . . . . . . . . . . . Disarmed 19 | . . . . . . . 1 . . 5 . 4 . . . . . . . 5 . . . . 4 . . . . . . . . . . . . Reprogrammed 54 | . . . . . . 4 1 4 . 12 . . . . . . . . . . . . . . . . . . 22 5 . . 6 . . . . Reused 18 | . . . . . . . . . . 3 . . . . . . . . . . . . . . . . . . 6 3 . . 6 . . . . Traps Extracted . | . . . . . . . . . . . . . . . . . . . . . . . . . . . . . . . . . . . . . . Installed . | . . . . . . . . . . . . . . . . . . . . . . . . . . . . . . . . . . . . . . Triggered 20 | . . . . . . . . . . 3 . . . . . . . . . . . . . 1 . . . . 6 3 . . 7 . . . . Machines | -11 -10 -9 -9 -9 -8 -8 -8 -8 -8 -7 -7 -7 -7 -7 -7 -6 -6 -6 -6 -5 -5 -5 -5 -4 -4 -4 -4 -4 -3 -3 -3 -2 -2 -2 -1 -1 -1 ---------- Run | Jun Mat Mat Min Exi Min Mat Gar Mat Gar Fac Gar Fac Gar Fac Gar Fac Gar Fac Gar Fac Gar Fac Gar Fac Ext Cet Arc Hub Res Qua Sec Res Tes Gar Acc Com Ac0 Machines Disabled 154 | . 1 3 . . . 3 3 1 3 . 4 1 4 4 5 6 2 2 4 4 3 2 4 1 4 1 3 33 6 9 18 . 8 4 . 4 4 Max in Single Turn 14 | . 1 1 . . . 3 1 . 1 . 1 1 1 1 1 1 1 1 1 1 1 . 1 . 1 . 1 14 4 1 1 . 1 1 . 1 1 Garrison Access 7 | . . . . . . . . . . . . . . . . 1 . 2 . . . . . 1 . . . . . . . . . . 3 . . Garrison Relay 32 | . . . . . . . 3 . 2 . 4 . 4 . 3 . 2 . 4 . 3 . 4 . . . . . . . . . . 3 . . . Network Hub 4 | . . . . . . . . . . . . . . . . . . . . . . . . . . . . 4 . . . . . . . . . Machines Repaired . | . . . . . . . . . . . . . . . . . . . . . . . . . . . . . . . . . . . . . . Machines Sabotaged . | . . . . . . . . . . . . . . . . . . . . . . . . . . . . . . . . . . . . . . Overloaded Fab Kills . | . . . . . . . . . . . . . . . . . . . . . . . . . . . . . . . . . . . . . . Hacking | -11 -10 -9 -9 -9 -8 -8 -8 -8 -8 -7 -7 -7 -7 -7 -7 -6 -6 -6 -6 -5 -5 -5 -5 -4 -4 -4 -4 -4 -3 -3 -3 -2 -2 -2 -1 -1 -1 --------- Run | Jun Mat Mat Min Exi Min Mat Gar Mat Gar Fac Gar Fac Gar Fac Gar Fac Gar Fac Gar Fac Gar Fac Gar Fac Ext Cet Arc Hub Res Qua Sec Res Tes Gar Acc Com Ac0 Machines Accessed 259 | . 7 15 1 1 1 14 3 9 3 15 1 10 2 10 3 15 2 17 2 13 3 5 1 11 8 1 . 5 19 14 17 5 12 2 10 2 . Terminals 165 | . 5 11 . . 1 9 3 7 3 7 1 6 2 2 3 7 2 8 2 6 3 1 1 7 8 1 . 5 12 8 13 3 7 2 7 2 . Fabricators 20 | . . . . . . . . . . 3 . 2 . 2 . 1 . 2 . 4 . 1 . 1 . . . . 2 . . 1 1 . . . . Repair Stations 12 | . . . . . . 1 . 1 . . . . . . . 1 . 1 . . . . . . . . . . 2 2 2 . 2 . . . . Recycling Units 18 | . 2 2 . . . 2 . . . 3 . 1 . 3 . 2 . 1 . . . . . 2 . . . . . . . . . . . . . Scanalyzers 21 | . . 2 . . . 1 . . . 1 . . . 2 . 2 . 1 . 2 . 2 . . . . . . 2 3 1 1 1 . . . . Garrison Access 21 | . . . . . . 1 . 1 . 1 . 1 . 1 . 2 . 4 . 1 . 1 . 1 . . . . 1 1 1 . 1 . 3 . . Total Hacks 1077 | . 22 63 1 2 2 48 7 29 6 50 5 48 6 50 11 57 6 62 5 53 9 18 2 43 14 2 . 11 130 88 65 42 76 11 26 7 . Successful 648 | . 11 33 1 2 1 32 3 19 3 38 1 33 1 30 2 29 1 43 1 34 5 13 1 29 10 1 . 7 79 65 30 20 49 4 14 3 . Failed 425 | . 10 29 . . 1 16 4 10 3 12 4 15 5 20 9 28 5 18 4 19 4 5 1 14 4 1 . 4 50 23 35 22 27 7 12 4 . Catastrophic 56 | . . 2 . . 1 . 1 1 1 . . . 2 3 1 6 2 3 3 2 3 . . 2 . . . 2 4 2 3 1 4 2 3 2 . Database Lockouts 4 | . 1 1 . . . . . . . . . . . . . . . 1 . . . . . . . . . . 1 . . . . . . . . Manual 447 | . 8 29 . . 2 23 2 19 . 22 . 29 2 27 3 29 2 31 2 16 5 3 . 25 1 1 . 5 50 30 21 15 29 6 8 2 . Terminals 680 | . 17 50 . . 2 38 7 26 6 24 5 28 6 10 11 21 6 32 5 25 9 4 2 25 14 2 . 11 86 44 47 24 52 11 23 7 . Fabricators 79 | . . . . . . . . . . 12 . 8 . 12 . 7 . 8 . 11 . 4 . 6 . . . . 6 . . 2 3 . . . . Repair Stations 78 | . . . . . . 2 . 2 . . . . . . . 3 . 1 . . . . . . . . . . 17 26 14 . 13 . . . . Recycling Units 60 | . 5 4 . . . 2 . . . 8 . 8 . 12 . 8 . 2 . . . . . 11 . . . . . . . . . . . . . Scanalyzers 132 | . . 9 . . . 5 . . . 4 . . . 11 . 12 . 11 . 13 . 9 . . . . . . 19 16 1 16 6 . . . . Garrison Access 45 | . . . . . . 1 . 1 . 2 . 4 . 5 . 6 . 8 . 4 . 1 . 1 . . . . 2 2 3 . 2 . 3 . . Terminal Hacks 244 | . 5 16 1 2 1 14 3 9 3 14 1 8 1 1 2 4 1 10 1 11 4 1 1 12 9 1 . 5 30 19 11 4 25 4 8 2 . Record 2 | . . . . 2 . . . . . . . . . . . . . . . . . . . . . . . . . . . . . . . . . Part Schematic 8 | . . . . . 1 . . . . 1 . . . . . . . 1 . . . . . . . . . . 1 1 . . 3 . . . . Robot Schematic 4 | . . . . . . . . . . . . 1 . . . . . . . . . . . . . . . . 2 . . . 1 . . . . Robot Analysis 7 | . 1 1 . . . . . . . . . . . . . . . . . . . . . 1 1 . . . 3 . . . . . . . . Prototype ID Bank 17 | . 1 3 . . . 1 . 1 . . . 1 . . . . . 1 . . . . . 1 1 . . . 4 . . . 3 . . . . Open Door 20 | . . . 1 . . . 1 . . . . . . . . . . . . . . . . 1 6 1 . . . . 5 . . 1 3 1 . Level Access Points 2 | . . . . . . . . . . . . . . . . . . . . . . . . . . . . . . 1 . . 1 . . . . Branch Access Points 10 | . . 1 . . . . . . . 1 . . . . . 1 . 1 . 1 . 1 . 1 . . . . 1 . . 1 . . 1 . . Emergency Access Points 9 | . . . . . . . 1 . 1 . 1 . 1 . 1 . . . 1 . 1 . . . . . . . . . . . 1 1 . . . Machine Index 2 | . . . . . . . . . . . . . . . . . . . . . . . . . . . . . . 1 . . 1 . . . . Terminal Index 12 | . . 1 . . . 1 . 1 . 1 . . . . . . . 1 . 1 . . . 1 . . . . 1 1 1 1 1 . . . . Recycling Unit Index 1 | . . . . . . . . . . 1 . . . . . . . . . . . . . . . . . . . . . . . . . . . Scanalyzer Index 2 | . . 1 . . . . . . . . . . . . . . . . . . . . . . . . . . . . . . 1 . . . . Garrison Index 5 | . . . . . . 1 . 1 . 1 . . . . . . . . . 1 . . . . . . . . 1 . . . . . . . . Alert Level 2 | . 1 . . . . . . . . . . . . . . . . 1 . . . . . . . . . . . . . . . . . . . Unreport Threat 29 | . 1 3 . . . 3 . 2 . 1 . . . 1 . 1 . 1 . 3 . . . 2 . . . 1 3 2 1 1 3 . . . . Locate Traps 30 | . . . . . . 2 . 1 . 2 . 2 . . . 2 . . . 2 . . . 2 . . . 1 3 4 1 . 5 . 2 1 . Disarm Traps 4 | . . . . . . . . . . 1 . 1 . . . . . . . 1 . . . . 1 . . . . . . . . . . . . Reprogram Traps 12 | . . . . . . 1 . 2 . 2 . . . . . . . . . . . . . . . . . . 4 2 . . 1 . . . . Maintenance Status 1 | . . . . . . . . . . . . . . . . . . . . . . . . . . . . . . 1 . . . . . . . Security Status 1 | . . . . . . . . . . . . . . . . . . . . . . . . . . . . . . . 1 . . . . . . Investigation Status 1 | . . . . . . . . . . . . . . . . . . . . . . . . . . . . . . . . . 1 . . . . Recall Investigation 4 | . . . . . . . . . . 2 . 1 . . . . . . . . . . . . . . . . . . . . . . 1 . . Recall Extermination 5 | . . . . . . . . . . . . . . . . . . 1 . . . . . 1 . . . . 1 1 . . . . 1 . . Recall Reinforcements 5 | . 1 . . . . . . . . . . . . . . . . . . . . . . . . . . 2 . 1 1 . . . . . . Recall Assault 1 | . . . . . . . . . . . . . . . . . . . . . . . . . . . . . . . . 1 . . . . . Hauler Manifests 8 | . . 2 . . . 1 . . . . . 1 . . . . . 1 . . . . . 1 . . . . . 1 . . 1 . . . . Registered Components 1 | . . . . . . . . . . . . . . . . . . . . . . . . . . . . . . . . . 1 . . . . Zone Layout 28 | . . 4 . . . 4 . 1 . 1 . 1 . . . . . 2 . 2 . . . 1 . . . 1 6 3 1 . 1 . . . . Garrison Registry 4 | . . . . . . . . . 1 . . . . . . . . . . . 1 . 1 . . . . . . . . . . 1 . . . Patrol Navigation 4 | . . . . . . . . . . . . . . . 1 . 1 . . . 1 . . . . . . . . . . . . 1 . . . Security Stations 3 | . . . . . . . 1 . 1 . . . . . . . . . . . 1 . . . . . . . . . . . . . . . . Fabricator Hacks 23 | . . . . . . . . . . 3 . 3 . 3 . . . 5 . 3 . 2 . 4 . . . . . . . . . . . . . Load Schematic 12 | . . . . . . . . . . 1 . 1 . 1 . . . 3 . 3 . 1 . 2 . . . . . . . . . . . . . Build 11 | . . . . . . . . . . 2 . 2 . 2 . . . 2 . . . 1 . 2 . . . . . . . . . . . . . Repair Station Hacks 53 | . . . . . . 2 . 2 . . . . . . . 2 . . . . . . . . . . . . 12 21 6 . 8 . . . . Scan Component 28 | . . . . . . 1 . 1 . . . . . . . 1 . . . . . . . . . . . . 6 11 4 . 4 . . . . Repair 25 | . . . . . . 1 . 1 . . . . . . . 1 . . . . . . . . . . . . 6 10 2 . 4 . . . . Recycling Unit Hacks 15 | . 3 . . . . . . . . 4 . 3 . 2 . 1 . . . . . . . 2 . . . . . . . . . . . . . Process 1 | . . . . . . . . . . . . 1 . . . . . . . . . . . . . . . . . . . . . . . . . Report Inventory 10 | . 2 . . . . . . . . 3 . 1 . 2 . 1 . . . . . . . 1 . . . . . . . . . . . . . Retrieve Matter 1 | . . . . . . . . . . . . 1 . . . . . . . . . . . . . . . . . . . . . . . . . Retrieve Components 3 | . 1 . . . . . . . . 1 . . . . . . . . . . . . . 1 . . . . . . . . . . . . . Scanalyzer 107 | . . 7 . . . 4 . . . 4 . . . 9 . 8 . 11 . 12 . 7 . . . . . . 18 11 . 12 4 . . . . Insert Component 53 | . . 4 . . . 3 . . . 2 . . . 5 . 3 . 4 . 5 . 3 . . . . . . 6 7 . 7 4 . . . . Analyze 54 | . . 3 . . . 1 . . . 2 . . . 4 . 5 . 7 . 7 . 4 . . . . . . 12 4 . 5 . . . . . Garrison Access Hacks 25 | . . . . . . 1 . 1 . 2 . 1 . 1 . 3 . 5 . 1 . 1 . 1 . . . . 1 1 1 . 2 . 3 . . Unlock Access 12 | . . . . . . 1 . 1 . 1 . 1 . 1 . 1 . 2 . 1 . 1 . . . . . . . . 1 . 1 . . . . Seal Access 7 | . . . . . . . . . . . . . . . . 1 . 2 . . . . . 1 . . . . . . . . . . 3 . . Coupler Status 6 | . . . . . . . . . . 1 . . . . . 1 . 1 . . . . . . . . . . 1 1 . . 1 . . . . Unauthorized Hacks 181 | . 3 10 . . . 11 . 7 . 11 . 18 . 14 . 11 . 12 . 7 1 2 . 10 1 . . 2 18 13 12 4 10 . 3 1 . Terminals 105 | . 2 7 . . . 9 . 7 . 4 . 8 . 1 . 3 . 5 . 4 1 1 . 4 1 . . 2 13 11 8 3 7 . 3 1 . Track 32 | . . 1 . . . 3 . 1 . 1 . 3 . 1 . . . 1 . . . . . . 1 . . 1 4 4 4 1 3 . 2 1 . Assimilate 14 | . . 2 . . . 1 . 2 . . . . . . . . . 1 . . . . . . . . . . 5 1 1 . 1 . . . . Botnet 42 | . 1 3 . . . 4 . 3 . 2 . 3 . . . 2 . 2 . 3 1 1 . 3 . . . 1 3 4 2 1 2 . 1 . . Disrupt 2 | . . . . . . . . . . . . 1 . . . . . . . . . . . . . . . . . 1 . . . . . . . Operators 15 | . 1 1 . . . 1 . 1 . 1 . 1 . . . 1 . 1 . 1 . . . 1 . . . . 1 1 1 1 1 . . . . Fabricators 27 | . . . . . . . . . . 3 . 4 . 6 . 3 . 2 . . . 1 . 1 . . . . 4 . . 1 2 . . . . Report 6 | . . . . . . . . . . 1 . 1 . 1 . 1 . . . . . . . . . . . . 1 . . . 1 . . . . Prioritize 3 | . . . . . . . . . . . . . . 2 . . . 1 . . . . . . . . . . . . . . . . . . . Liberate 10 | . . . . . . . . . . 1 . 2 . 2 . 1 . . . . . . . . . . . . 2 . . 1 1 . . . . Haulers 8 | . . . . . . . . . . 1 . 1 . 1 . 1 . 1 . . . 1 . 1 . . . . 1 . . . . . . . . Repair Stations 4 | . . . . . . . . . . . . . . . . 1 . 1 . . . . . . . . . . . . 1 . 1 . . . . Mechanics 4 | . . . . . . . . . . . . . . . . 1 . 1 . . . . . . . . . . . . 1 . 1 . . . . Recycling Units 27 | . 1 3 . . . 2 . . . 4 . 3 . 4 . 4 . 1 . . . . . 5 . . . . . . . . . . . . . Monitor 2 | . . . . . . . . . . . . . . . . 1 . . . . . . . 1 . . . . . . . . . . . . . Reject 8 | . . 1 . . . . . . . 2 . 1 . 2 . 1 . . . . . . . 1 . . . . . . . . . . . . . Recyclers 3 | . . . . . . . . . . . . 1 . . . 1 . . . . . . . 1 . . . . . . . . . . . . . Mask 8 | . . . . . . . . . . 1 . 1 . 2 . 1 . 1 . . . . . 2 . . . . . . . . . . . . . Tunnel 6 | . 1 2 . . . 2 . . . 1 . . . . . . . . . . . . . . . . . . . . . . . . . . . Scanalyzers 2 | . . . . . . . . . . . . . . . . . . . . . . . . . . . . . . 1 1 . . . . . . Researchers 2 | . . . . . . . . . . . . . . . . . . . . . . . . . . . . . . 1 1 . . . . . . Garrison Access 16 | . . . . . . . . . . . . 3 . 3 . . . 3 . 3 . . . . . . . . 1 1 2 . . . . . . Broadcast 5 | . . . . . . . . . . . . 1 . 1 . . . 1 . 1 . . . . . . . . . . 1 . . . . . . Decoy 4 | . . . . . . . . . . . . 1 . 1 . . . 1 . 1 . . . . . . . . . . . . . . . . . Watchers 5 | . . . . . . . . . . . . 1 . 1 . . . 1 . 1 . . . . . . . . . . 1 . . . . . . Eject 2 | . . . . . . . . . . . . . . . . . . . . . . . . . . . . . 1 1 . . . . . . . Data Cores Recovered 3 | . . . . . . . . . . . . . . . . 1 . . . 1 . . . . . . . . . 1 . . . . . . . Used . | . . . . . . . . . . . . . . . . . . . . . . . . . . . . . . . . . . . . . . Hacking Detections 208 | . 6 14 . . 1 11 3 8 3 14 1 10 2 10 3 11 2 12 2 11 3 3 1 9 7 1 . 5 15 9 12 5 8 1 4 1 . Full Trace Events 17 | . 1 1 . . . . . . . 1 1 1 2 1 1 1 1 . 1 1 1 . . 1 1 . . . . . . 1 . . . . . Feedback Events 2 | . . . . . . . . . . . . . 1 . . . . . 1 . . . . . . . . . . . . . . . . . . Corruption 1 | . . . . . . . . . . . . . 1 . . . . . . . . . . . . . . . . . . . . . . . . Hackware Fried 1 | . . . . . . . . . . . . . . . . . . . 1 . . . . . . . . . . . . . . . . . . Feedback Blocked . | . . . . . . . . . . . . . . . . . . . . . . . . . . . . . . . . . . . . . . Robot Schematics Acquired 10 | . . . . . . . . . . . . 1 . . . . . . . . . . . . . . . . 2 6 . . 1 . . . . Robots Built 16 | . . . . . . . . . . . . 4 . 2 . . . 4 . . . 2 . 4 . . . . . . . . . . . . . Authchips 5 | . . . . . . . . . . . . . . . . . . 2 . . . 1 . 2 . . . . . . . . . . . . . Time 488 | . . . . . . . . . . . . 166 . 67 . . . 100 . . . 67 . 88 . . . . . . . . . . . . . Total Robot Build Rating 60 | . . . . . . . . . . . . 12 . 8 . . . 16 . . . 8 . 16 . . . . . . . . . . . . . Part Schematics Acquired 52 | . . 3 . . 1 1 . . . 3 . . . 4 . 3 . 4 . 5 . 3 . . . . . . 7 12 . 3 3 . . . . Parts Built 4 | . . . . . . . . . . 3 . . . 1 . . . . . . . . . . . . . . . . . . . . . . . Authchips . | . . . . . . . . . . . . . . . . . . . . . . . . . . . . . . . . . . . . . . Time 298 | . . . . . . . . . . 111 . . . 187 . . . . . . . . . . . . . . . . . . . . . . . Total Part Build Rating 27 | . . . . . . . . . . 20 . . . 7 . . . . . . . . . . . . . . . . . . . . . . . Parts Repaired 25 | . . . . . . 1 . 1 . . . . . . . 1 . . . . . . . . . . . . 6 10 2 . 4 . . . . Time 1339 | . . . . . . 38 . 32 . . . . . . . 61 . . . . . . . . . . . . 183 728 75 . 222 . . . . Parts Recycled . | . . . . . . . . . . . . . . . . . . . . . . . . . . . . . . . . . . . . . . Recycled Matter 14 | . . . . . . . . . . . . 14 . . . . . . . . . . . . . . . . . . . . . . . . . Retrieved Matter 14 | . . . . . . . . . . . . 14 . . . . . . . . . . . . . . . . . . . . . . . . . Retrieved Components 21 | . 3 . . . . . . . . 10 . . . . . . . . . . . . . 8 . . . . . . . . . . . . . Parts Scanalyzed 39 | . . 3 . . . 2 . . . 2 . . . 4 . 3 . 4 . 5 . 3 . . . . . . 6 4 . 3 . . . . . Part Schematics Acquired 36 | . . 3 . . . 1 . . . 2 . . . 4 . 3 . 3 . 5 . 3 . . . . . . 6 3 . 3 . . . . . Parts Damaged 6 | . . . . . . . . . . . . . . . . 1 . . . 1 . . . . . . . . 2 1 . 1 . . . . . Bothacking | -11 -10 -9 -9 -9 -8 -8 -8 -8 -8 -7 -7 -7 -7 -7 -7 -6 -6 -6 -6 -5 -5 -5 -5 -4 -4 -4 -4 -4 -3 -3 -3 -2 -2 -2 -1 -1 -1 ------------ Run | Jun Mat Mat Min Exi Min Mat Gar Mat Gar Fac Gar Fac Gar Fac Gar Fac Gar Fac Gar Fac Gar Fac Gar Fac Ext Cet Arc Hub Res Qua Sec Res Tes Gar Acc Com Ac0 Used RIF Installer 12 | . . . . . . . 1 . 2 . 1 . 1 . 2 . 1 . 1 . 1 . 1 . . . . . . . . . . 1 . . . Coupler Efficiency 2 | . . . . . . . . . 1 . . . . . . . 1 . . . . . . . . . . . . . . . . . . . . Hotswap 1 | . . . . . . . . . . . . . . . . . . . . . . . 1 . . . . . . . . . . . . . . Command Fork 1 | . . . . . . . . . . . . . . . 1 . . . . . . . . . . . . . . . . . . . . . . Threat Obfuscator 1 | . . . . . . . . . . . . . . . . . . . 1 . . . . . . . . . . . . . . . . . . Zone Cloak 2 | . . . . . . . . . . . . . 1 . 1 . . . . . . . . . . . . . . . . . . . . . . Robot Detection 1 | . . . . . . . . . . . 1 . . . . . . . . . . . . . . . . . . . . . . . . . . Watcher Feeds 1 | . . . . . . . . . 1 . . . . . . . . . . . . . . . . . . . . . . . . . . . . Autooverride 1 | . . . . . . . . . . . . . . . . . . . . . 1 . . . . . . . . . . . . . . . . Crosswire 1 | . . . . . . . . . . . . . . . . . . . . . . . . . . . . . . . . . . 1 . . . Robots Hacked 347 | . . . . 4 . . 2 4 6 9 13 12 13 15 13 19 5 19 17 36 12 12 6 18 10 2 2 17 9 8 16 4 7 8 10 19 . Non-combat 109 | . . . . 3 . . . 4 . 5 . 7 . 8 . 6 . 8 . 18 . 6 . 7 2 . 1 8 6 1 6 2 3 . 6 2 . Combat 237 | . . . . 1 . . 2 . 6 4 13 5 13 7 13 13 5 11 17 18 12 6 6 11 8 2 1 9 3 7 10 2 4 8 4 16 . Autooverrided 19 | . . . . . . . . . . . . . . . . . . . . . . 1 . . 1 2 1 2 . . 4 1 1 . 2 4 . Robot Hacks Applied 398 | . . . . 4 . . 2 6 6 9 13 18 13 17 13 28 6 26 19 46 12 14 6 23 13 . 2 18 11 9 16 4 7 10 9 18 . parse_system 29 | . . . . 4 . . . . . . . 1 . 1 . 1 2 3 1 3 . 1 . 3 1 . . . . 1 . . 2 1 . 4 . no_distress 3 | . . . . . . . . 1 . . . . . . . . . . . . . . . . 1 . . 1 . . . . . . . . . find_chute 5 | . . . . . . . . . . 1 . . . . . . . . . 3 . . . 1 . . . . . . . . . . . . . deconstruct_machine 2 | . . . . . . . . . . . . . . . . . . 1 . 1 . . . . . . . . . . . . . . . . . ignore_repairs 36 | . . . . . . . . 2 . . . . . 3 . . . 1 . 3 . 3 . 4 2 . . 2 3 . 7 . 3 . 3 . . map_walls 2 | . . . . . . . . . . . . . . 1 . . . . . . . . . 1 . . . . . . . . . . . . . find_fabricator 8 | . . . . . . . . . . . . . . . . . . 3 . 1 . . . 1 . . . . 2 . . 1 . . . . . drop_inventory 21 | . . . . . . . . . . 3 . 2 . . . 2 . 2 . 3 . 1 . 2 . . . 1 3 . . . . . 2 . . find_recycling 7 | . . . . . . . . 1 . . . 1 . 1 . 1 . . . . . 1 . 1 . . . . . . . 1 . . . . . ignore_parts 14 | . . . . . . . . 2 . . . 2 . 2 . 1 . 2 . 3 . 1 . . . . . . . . . 1 . . . . . find_station 4 | . . . . . . . . . . . . 1 . . . . . . . 1 . . . . . . . . . . . . . . 1 1 . purge_threat 13 | . . . . . . . . . . . . 2 . . . 3 . 3 . 2 . . . . 1 . 1 1 . . . . . . . . . disarm_traps 1 | . . . . . . . . . . . . . . . . . . . . . . . . . . . . 1 . . . . . . . . . block_reporting 4 | . . . . . . . . . . . . . . . . 1 . . . 1 . . . . . . . . . 1 1 . . . . . . recall_investigation 1 | . . . . . . . . . . . . . . . . . . . . . . . . . 1 . . . . . . . . . . . . map_route 5 | . . . . . . . . . . 1 . . . . . . . . . 1 . 1 . . . . . 1 . . . . . . . 1 . find_scanalyzer 1 | . . . . . . . . . . . . . . . . . . . . . . . . . . . . . . . . . 1 . . . . disable_scanner 2 | . . . . . . . . . . . . . . . . . . . . . . . . . . . . . . 2 . . . . . . . locate_prototypes 4 | . . . . . . . . . . . . . . . . . . . . . . . . . . . . . . 1 3 . . . . . . find_garrison 2 | . . . . . . . . . . . . . . . . 1 . . . 1 . . . . . . . . . . . . . . . . . reboot_propulsion 1 | . . . . . . . . . . . . . . . . 1 . . . . . . . . . . . . . . . . . . . . . link_complan 1 | . . . . . . . . . . . . . . . . . . . . . . . . . . . . . . . 1 . . . . . . broadcast_data 1 | . . . . . . . . . . . . . . . . . . . . . 1 . . . . . . . . . . . . . . . . disrupt_area 2 | . . . . . . . . . . . 1 . . . . . . . . . . . . . . . . . . . . . . . . 1 . amplify_resonance 23 | . . . . . . . . . . . 1 1 2 3 . 1 . 1 4 2 1 . . . 1 . . 2 1 . 1 . 1 . . 1 . wipe_record 3 | . . . . . . . . . . . 1 . . . . . . . . . . . . . . . . . . . 1 . . . 1 . . disable_weapons 1 | . . . . . . . . . . . . . . . . . . . . . . . . . . . . . . . . . . 1 . . . reboot_system 29 | . . . . . . . 1 . 1 . 3 . 3 . 1 3 . . 4 5 1 . . 3 3 . . . 1 . . . . . . . . overwrite_iff 64 | . . . . . . . . . 2 3 3 . 4 2 6 5 1 3 1 5 7 2 5 . . . . 4 . 2 . 1 . 6 . 2 . formatsys_low 24 | . . . . . . . . . . . . 4 . 1 . 5 . 1 . 3 . 1 . . 1 . 1 2 . 1 2 . . . 1 1 . formatsys_high 85 | . . . . . . . 1 . 3 1 4 4 4 3 6 3 3 6 9 8 2 3 1 7 2 . . 3 1 1 . . . 2 1 7 . Manual 1 | . . . . . . . . . . . . . . . . . . . . . . . . . . . . . . . . . . . . 1 . Relay Couplers Released 168 | . . . . . . . 11 . 8 . 20 . 18 . 12 1 13 2 17 8 13 . 19 3 . . . . 4 4 . . . 10 5 . . Ejected 8 | . . . . . . . . . . . . . . . . . . . . . . . . . . . . . 4 4 . . . . . . . Machine Destruction 137 | . . . . . . . 11 . 8 . 16 . 18 . 12 1 9 2 17 . 13 . 16 3 . . . . . . . . . 10 1 . . Programmers 23 | . . . . . . . . . . . 4 . . . . . 4 . . 8 . . 3 . . . . . . . . . . . 4 . . Attached 87 | . . . . . . . 1 . 3 2 5 4 4 2 6 6 4 4 7 9 2 1 6 5 1 . . 1 1 . 2 . . 6 2 3 . Crosswired 3 | . . . . . . . . . . . . . . . . . . . . . . . . . . . . . . . . . . 1 2 . . Fabnet Peak Effective % . | . . . . . . . . . . . . . . . . . . . . . . . . . . . . . . . . . . . . . . Robots Rewired 33 | . . . . . . . . . . . 1 . 3 . 11 . 2 . . 1 . . . . 14 . . . . . . . 1 . . . . Allies Hacked 11 | . . . . . . . . . . . . 1 2 3 . . . . . 1 . 1 . 1 . . . . . . 1 . 1 . . . . Hacks Repelled 3 | . . . . . . . . . . . . . . . . . . . . . . 1 . 2 . . . . . . . . . . . . . Allies | -11 -10 -9 -9 -9 -8 -8 -8 -8 -8 -7 -7 -7 -7 -7 -7 -6 -6 -6 -6 -5 -5 -5 -5 -4 -4 -4 -4 -4 -3 -3 -3 -2 -2 -2 -1 -1 -1 -------- Run | Jun Mat Mat Min Exi Min Mat Gar Mat Gar Fac Gar Fac Gar Fac Gar Fac Gar Fac Gar Fac Gar Fac Gar Fac Ext Cet Arc Hub Res Qua Sec Res Tes Gar Acc Com Ac0 Total Allies 311 | . . 1 . . . 1 2 2 5 4 8 12 15 15 23 17 6 15 10 22 9 10 8 16 29 7 3 12 6 5 7 2 3 14 4 18 . Largest Group 18 | . . 1 . . . 1 2 3 5 4 3 6 9 5 14 16 5 10 13 9 7 10 11 13 18 18 17 15 4 4 3 1 1 4 7 10 5 Highest-Rated Group 1282 | . . 10 . . . 10 49 76 89 68 80 141 294 161 363 439 398 332 431 335 261 383 359 529 826 1069 1069 875 152 152 219 148 164 322 376 1282 842 Highest-Rated Ally 219 | . . 10 . . . 10 40 40 40 26 32 37 95 80 43 90 148 148 46 65 65 65 64 58 159 159 159 96 65 49 219 148 164 148 80 219 215 Total Orders 471 | . . 1 . . . 1 16 13 12 5 4 19 24 12 15 31 38 24 31 26 13 21 35 21 10 . 2 25 4 6 8 11 . . 21 22 . STAY 209 | . . 1 . . . 1 8 7 8 2 2 4 9 4 8 11 15 12 17 9 6 9 13 7 5 . 1 17 2 3 3 . . . 11 14 . ROAM 12 | . . . . . . . . . . . . . . 1 . 3 4 1 . 2 . . . . . . . . . . . . . . . 1 . FOLLOW 176 | . . . . . . . 8 6 4 3 2 7 10 3 7 11 15 10 14 9 5 9 13 5 5 . 1 5 2 3 3 1 . . 9 6 . AID 45 | . . . . . . . . . . . . 4 4 4 . 6 2 . . 6 2 3 6 4 . . . . . . 2 . . . 1 1 . DROP 4 | . . . . . . . . . . . . 1 1 . . . . 1 . . . . . 1 . . . . . . . . . . . . . PICKUP 5 | . . . . . . . . . . . . 1 . . . . 1 . . . . . 3 . . . . . . . . . . . . . . COLLECT 3 | . . . . . . . . . . . . 2 . . . . 1 . . . . . . . . . . . . . . . . . . . . EXPLORE 15 | . . . . . . . . . . . . . . . . . . . . . . . . 4 . . . 3 . . . 8 . . . . . RETURN 2 | . . . . . . . . . . . . . . . . . . . . . . . . . . . . . . . . 2 . . . . . Ally Attacks 1910 | . . . . . . . 11 11 36 15 56 16 75 67 97 155 68 52 127 94 69 65 68 91 154 63 37 111 4 21 11 11 15 50 36 158 66 Total Damage 59805 | . . . . . . . 118 254 461 195 1145 372 1610 1602 2023 3575 2237 1626 2888 2662 1835 1516 1411 3646 4723 2754 1203 3925 134 391 73 349 965 1529 1312 9269 4002 Kills 371 | . . . . . . . 1 3 5 1 14 3 15 12 23 30 23 10 34 26 17 8 14 18 24 14 5 16 . 3 . 4 4 4 8 23 9 Allies Corrupted 10 | . . . . . . . . . . . . . . 1 . 1 . . . 1 4 . 1 . . . . . 1 . . . . . . . 1 Allies Melted 3 | . . . . . . . . . . . . . . 1 . 1 . . . . . . . . 1 . . . . . . . . . . . . Intel | -11 -10 -9 -9 -9 -8 -8 -8 -8 -8 -7 -7 -7 -7 -7 -7 -6 -6 -6 -6 -5 -5 -5 -5 -4 -4 -4 -4 -4 -3 -3 -3 -2 -2 -2 -1 -1 -1 ------- Run | Jun Mat Mat Min Exi Min Mat Gar Mat Gar Fac Gar Fac Gar Fac Gar Fac Gar Fac Gar Fac Gar Fac Gar Fac Ext Cet Arc Hub Res Qua Sec Res Tes Gar Acc Com Ac0 Robot Analysis Total 7 | . 1 1 . . . . . . . . . . . . . . . . . . . . . 1 1 . . . 3 . . . . . . . . Derelict Logs Recovered 1 | . . . 1 . . . . . . . . . . . . . . . . . . . . . . . . . . . . . . . . . . Drone Launches 25 | . . . . . . . . . . . . . . . . . . . . . . . . 2 . . . 17 . . . 6 . . . . . Drone Recoveries 6 | . . . . . . . . . . . . . . . . . . . . . . . . . . . . 1 . . . 5 . . . . . Exploration | -11 -10 -9 -9 -9 -8 -8 -8 -8 -8 -7 -7 -7 -7 -7 -7 -6 -6 -6 -6 -5 -5 -5 -5 -4 -4 -4 -4 -4 -3 -3 -3 -2 -2 -2 -1 -1 -1 ------------- Run | Jun Mat Mat Min Exi Min Mat Gar Mat Gar Fac Gar Fac Gar Fac Gar Fac Gar Fac Gar Fac Gar Fac Gar Fac Ext Cet Arc Hub Res Qua Sec Res Tes Gar Acc Com Ac0 Turns Passed 66772 | 46 1367 2658 1455 352 976 1773 1586 881 924 1169 1426 1511 1598 1476 1726 2436 1977 2542 1709 3109 1305 1266 1830 2367 1693 298 260 2520 2909 4102 4422 1968 1949 931 2848 2855 552 Spaces Moved 35566 | 36 812 1445 874 235 629 995 991 554 599 1765 737 802 804 768 764 1408 1009 1390 919 1654 709 675 924 1212 940 137 122 1087 1442 1651 1760 934 1160 589 1032 1541 461 Core 1 | 1 . . . . . . . . . . . . . . . . . . . . . . . . . . . . . . . . . . . . . Treads 18974 | . 117 4 . . . 88 15 5 108 58 561 802 804 768 506 2 153 724 919 1654 709 675 924 1212 940 137 122 1087 1441 1651 1626 934 228 . . . . Legs 4292 | . . . . . . . . . . . . . . . . . . . . . . . . . . . . . . . . . 932 589 1018 1524 229 Wheels 10528 | 35 695 1441 874 235 629 907 976 549 491 333 176 . . . 258 1406 856 666 . . . . . . . . . . 1 . . . . . . . . Hover . | . . . . . . . . . . . . . . . . . . . . . . . . . . . . . . . . . . . . . . Flight 1374 | . . . . . . . . . . 1374 . . . . . . . . . . . . . . . . . . . . . . . . . . . Fastest Speed 26 | 50 95 105 145 145 145 110 120 120 120 26 120 160 160 160 150 150 150 150 160 160 160 160 160 160 160 170 170 170 158 165 153 146 107 107 107 115 115 Average Speed 143 | 87 109 138 145 145 145 122 121 121 127 49 153 160 160 160 173 150 175 155 160 160 160 160 165 160 161 170 170 170 161 173 168 149 116 107 108 115 116 Slowest Speed 260 | 95 240 250 145 145 145 240 240 165 160 240 165 160 160 240 240 240 240 160 160 160 160 160 240 160 170 170 170 170 250 260 176 155 155 107 115 182 190 Overloaded Moves . | . . . . . . . . . . . . . . . . . . . . . . . . . . . . . . . . . . . . . . Propulsion Burnouts . | . . . . . . . . . . . . . . . . . . . . . . . . . . . . . . . . . . . . . . Robots Hopped 17 | . . . . . . . . . . 16 . . . . . . . . . . . . . . . . . 1 . . . . . . . . . Cave-ins Triggered 1 | . 1 . . . . . . . . . . . . . . . . . . . . . . . . . . . . . . . . . . . . Teleports 5 | . . . . . . . . . . . . . . . . . . . . . . . . . . . . . . 1 2 . . . . 1 1 Microwarps 59 | . . . . . . . . . . . . . . . . . . . . . . . . . . . . . . . 19 . . . 1 2 37 Exploration Rate (%) 60 | 3 98 93 96 64 100 76 85 45 71 25 78 19 79 19 78 43 90 30 78 43 70 14 55 36 90 62 77 90 41 95 81 27 97 50 41 41 33 Regions Visited 37 Branch Regions 12 Pre-discovered Areas 8 | . 1 2 1 1 . 2 . . . 1 . . . . . . . . . . . . . . . . . . . . . . . . . . . Known Exits Taken 17 | . . 1 . . . 1 . 1 . 1 . 1 . 1 . 1 . 1 . 1 . 1 . 1 . . . 1 1 . 1 1 1 . 1 . . Unknown Exits Taken 10 | 1 1 . 1 1 1 . . . . . . . . . . . . . . . . . . . 1 1 1 . . 1 . . . . . 1 . Scrap Searched 3 | . . . 2 . 1 . . . . . . . . . . . . . . . . . . . . . . . . . . . . . . . . Spaces Dug 694 | . 5 19 9 . 9 21 31 6 14 8 5 6 8 11 18 17 55 26 18 17 8 19 2 19 9 . . 20 30 21 89 40 33 13 36 19 33 Terrain Destroyed 1625 | . 21 55 41 . 33 30 40 6 16 8 6 9 16 12 18 17 61 30 19 47 14 22 7 37 14 . 5 407 35 46 115 43 34 81 44 40 196 Melee 419 | . 5 19 1 . . 1 20 6 14 8 5 2 8 10 18 14 12 13 18 17 8 17 2 12 1 . . 6 24 11 28 30 26 13 31 16 3 Projectile 391 | . . . . . . 20 . . . . . 7 2 2 . 3 3 17 1 3 6 5 5 25 13 . 5 80 11 24 79 13 8 4 13 24 18 AOE 804 | . 16 36 40 . 33 9 20 . 2 . 1 . 6 . . . 46 . . 27 . . . . . . . 321 . 11 8 . . 64 . . 164 Terrain Rammed . | . . . . . . . . . . . . . . . . . . . . . . . . . . . . . . . . . . . . . . Walls Destroyed . | . . . . . . . . . . . . . . . . . . . . . . . . . . . . . . . . . . . . . . Machines Disabled . | . . . . . . . . . . . . . . . . . . . . . . . . . . . . . . . . . . . . . . Actions | -11 -10 -9 -9 -9 -8 -8 -8 -8 -8 -7 -7 -7 -7 -7 -7 -6 -6 -6 -6 -5 -5 -5 -5 -4 -4 -4 -4 -4 -3 -3 -3 -2 -2 -2 -1 -1 -1 --------- Run | Jun Mat Mat Min Exi Min Mat Gar Mat Gar Fac Gar Fac Gar Fac Gar Fac Gar Fac Gar Fac Gar Fac Gar Fac Ext Cet Arc Hub Res Qua Sec Res Tes Gar Acc Com Ac0 Total 47016 | 47 1112 1854 1022 244 673 1401 1194 701 702 1981 917 970 988 939 994 1637 1157 1669 1062 1966 824 795 1150 1525 1054 199 159 1541 1898 2727 2852 1270 1565 755 2633 2407 432 Wait 6148 | . 154 162 113 . 24 219 23 73 5 110 39 64 34 71 43 86 40 135 17 75 43 41 116 156 12 42 17 205 203 746 680 101 206 44 1466 568 15 Move 35160 | 35 811 1444 873 234 628 994 990 554 598 1733 736 801 803 767 763 1407 1008 1389 918 1653 708 674 923 1211 939 136 121 1084 1441 1650 1644 934 1160 588 1018 1525 265 Hop 17 | . . . . . . . . . . 16 . . . . . . . . . . . . . . . . . 1 . . . . . . . . . Pick Up 585 | 6 11 35 3 1 1 27 8 4 11 23 9 13 10 7 9 18 12 14 16 26 9 3 10 15 8 5 1 29 32 49 44 24 16 10 12 40 14 Fast Attach 198 | 6 3 6 . . . 2 2 3 3 9 7 . 2 1 6 2 6 . . 3 1 2 7 5 2 3 5 2 16 15 27 14 13 3 8 8 6 Attach 260 | . 5 4 . . 3 6 3 . 3 7 3 1 . 1 3 6 4 8 3 10 2 1 6 9 2 1 . 19 13 22 44 12 5 3 5 20 26 Detach 91 | . 1 . . . 1 . . 1 2 6 3 . . . . . 1 1 . 3 2 1 5 2 1 1 . 3 5 10 18 5 4 2 2 4 7 Swap 902 | . 18 56 8 3 5 44 36 17 20 21 23 30 28 21 23 30 14 25 13 33 9 15 25 32 14 5 3 39 39 48 48 25 28 14 24 39 27 Drop 572 | . 5 27 3 2 . 27 10 6 14 15 11 6 10 7 8 10 18 6 12 20 7 4 11 11 6 5 5 25 39 48 50 29 25 8 17 46 19 Fire 1821 | . 85 50 21 . 11 58 39 15 17 25 43 47 66 48 51 53 20 65 44 109 31 35 37 66 65 1 7 127 73 112 175 29 18 21 30 78 49 Melee 1138 | . 19 70 1 4 . 24 59 26 24 15 38 3 34 11 73 23 23 23 37 30 11 18 8 16 3 . . 6 31 25 120 97 89 57 48 68 4 Ram . | . . . . . . . . . . . . . . . . . . . . . . . . . . . . . . . . . . . . . . Kick 3 | . . . . . . . . . . . . . . . . . . . . . . . . . . . . . . . . . 1 . . 2 . Crush 14 | . . . . . . . . . . 1 . 1 . 4 . . . 1 . . . . . 1 . . . . 6 . . . . . . . . Escape Stasis 53 | . . . . . . . 8 . 5 . 4 . . . 12 . 10 . . . . . . . . . . . . . . . . 4 3 7 . Rewire 37 | . . . . . . . 1 . . . 1 4 1 1 3 2 1 2 2 4 1 1 2 1 2 . . 1 . 2 2 . . 1 . 2 . Trap 17 | . . . . . . . 15 2 . . . . . . . . . . . . . . . . . . . . . . . . . . . . . Miscellaneous . | . . . . . . . . . . . . . . . . . . . . . . . . . . . . . . . . . . . . . . Route ------- -11/Junkyard -10/Materials (discovered 5 exits: *Mat x3 / [*Min x2]) -9/Materials (discovered 3 exits: *Mat x2 / *Min) -9/Mines (discovered 3 exits: *Mat x2 / *Exi) -9/Exiles -8/Mines (discovered 2 exits: *Mat x2) -8/Materials (discovered 3 exits: *Fac x2 / Gar) -8/Garrison (discovered 3 exits: *Mat x3) -8/Materials (discovered 3 exits: *Fac x2 / Gar) -8/Garrison (discovered 3 exits: *Fac x3) -7/Factory (discovered 4 exits: Sto / Low x2 / Gar) -7/Garrison (discovered 2 exits: *Fac x2) -7/Factory (discovered 3 exits: *Low x2 / Gar) -7/Garrison (discovered 4 exits: *Fac x3 / *Fac) -7/Factory (discovered 2 exits: *Fac / Gar) -7/Garrison (discovered 3 exits: *Fac x3) -6/Factory (discovered 5 exits: *Fac x2 / *Low x2 / Gar) -6/Garrison (discovered 3 exits: *Fac x3) -6/Factory (discovered 5 exits: *Fac / *Low x2 / Gar / Gar) -6/Garrison (discovered 3 exits: *Fac x3) -5/Factory (discovered 5 exits: *Fac x2 / *Upp x2 / Gar) -5/Garrison (discovered 3 exits: *Fac x3) -5/Factory (discovered 3 exits: *Upp x2 / Gar) -5/Garrison (discovered 3 exits: *Fac x3) -4/Factory (discovered 7 exits: *Res x3 / *Upp x2 / *Ext x2) -4/Extension (discovered 2 exits: *Res / *Cet) -4/Cetus -4/Archives (discovered 2 exits: *Hub x2) -4/Hub_04(d) (discovered 4 exits: *Res x4) -3/Research (discovered 5 exits: *Res x2 / Arm / *Qua x2) -3/Quarantine (discovered 2 exits: *Res / *Sec) -3/Section 7 (discovered 2 exits: *Res / Gar) -2/Research (discovered 3 exits: *Acc / *Tes x2) -2/Testing (discovered 2 exits: *Acc / Gar) -2/Garrison (discovered 3 exits: *Acc x3) -1/Access -1/Command (discovered 3 exits: [*Sur x2] / [*Ac0]) -1/Access_0 0b11 Command History --------- Turn | Location | Event 14 | -11/Junkyard | Discovered new exit (range 15) 47 | -11/Junkyard | Entered Materials 315 | -10/Materials | Build established: Mutant 437 | -10/Materials | Discovered new exit (range 10) 575 | -10/Materials | Discovered new exit (range 7) 668 | -10/Materials | Discovered new exit (range 16) 927 | -10/Materials | Discovered new exit (range 11) 1151 | -10/Materials | Lost 3 parts (2n1w) 1179 | -10/Materials | Discovered new exit (range 10) 1252 | -10/Materials | Central database locked down 1264 | -10/Materials | Crushed by falling debris 1414 | -10/Materials | Entered another Materials area 1414 | -9/Materials | Evolved 2 slots: Utility x2 2137 | -9/Materials | Central database locked down 2464 | -9/Materials | Discovered new exit (range 3) 3374 | -9/Materials | Discovered new exit (range 8) 3514 | -9/Materials | Lost 3 parts (1n2u) 3719 | -9/Materials | Identified exit to Mines 3771 | -9/Materials | Discovered new exit (range 15) 4072 | -9/Materials | Entered Mines 4226 | -9/Mines | Assembled infested the area 4231 | -9/Mines | Assisted by a Guerilla fighting off Assembled 4526 | -9/Mines | Learned location of Storage (-7) 4734 | -9/Mines | Discovered new exit (range 11) 4760 | -9/Mines | Found the Drone Emporium 4771 | -9/Mines | Found Prototype Device 4825 | -9/Mines | Discovered new exit (range 7) 4989 | -9/Mines | Deemed a non-threat by the Exiles lab entrance 4991 | -9/Mines | Discovered new exit (range 5) 5527 | -9/Mines | Entered Exiles 5564 | -9/Exiles | Met 8R-AWN 5590 | -9/Exiles | Met EX-HEX 5645 | -9/Exiles | Met EX-DEC 5707 | -9/Exiles | Met EX-BIN 5776 | -9/Exiles | Learned location of Zion (-6) 5864 | -9/Exiles | Discovered new exit (range 10) 5879 | -9/Exiles | Entered Mines 6050 | -8/Mines | Destroyed 7 combat bots 6421 | -8/Mines | Discovered new exit (range 9) 6425 | -8/Mines | Discovered new exit (range 15) 6855 | -8/Mines | Entered Materials 6855 | -8/Materials | Evolved 2 slots: Propulsion x2 6982 | -8/Materials | Repaired Arm. Treads? 7262 | -8/Materials | Identified Bomb Drone Bay 7395 | -8/Materials | Discovered new exit (range 8) 7661 | -8/Materials | Discovered new exit (range 3) 8044 | -8/Materials | Identified exit to Garrison 8450 | -8/Materials | Garrison activated, responded to threat 8628 | -8/Materials | Entered Garrison 8628 | -8/Garrison | Accompanied by 1 ally 8688 | -8/Garrison | Rescued a captive Derelict 8744 | -8/Garrison | Triggered checkpoint 8874 | -8/Garrison | Garrison Relay disabled 9022 | -8/Garrison | Triggered checkpoint 9159 | -8/Garrison | Discovered new exit (range 14) 9214 | -8/Garrison | Triggered checkpoint 9453 | -8/Garrison | Discovered new exit (range 11) 9492 | -8/Garrison | Learned Materials security intel 9656 | -8/Garrison | Triggered checkpoint 9712 | -8/Garrison | Discovered new exit (range 13) 9766 | -8/Garrison | Triggered checkpoint 9835 | -8/Garrison | Garrison Relay disabled 9884 | -8/Garrison | Installed Relay Interface Framework 10029 | -8/Garrison | Garrison Relay disabled 10066 | -8/Garrison | Triggered checkpoint 10214 | -8/Garrison | Entered Materials 10214 | -8/Materials | Accompanied by 1 ally 10334 | -8/Materials | Build established: Bothacker-Mutant 10523 | -8/Materials | Repaired Arm. Wheel 10540 | -8/Materials | Discovered new exit (range 16) 11044 | -8/Materials | Garrison activated, responded to threat 11090 | -8/Materials | Discovered new exit (range 16) 11095 | -8/Materials | Identified exit to Garrison 11095 | -8/Materials | Entered Garrison 11095 | -8/Garrison | Accompanied by 3 allies 11118 | -8/Garrison | Triggered checkpoint 11330 | -8/Garrison | Learned Factory security intel 11340 | -8/Garrison | Triggered checkpoint 11356 | -8/Garrison | Garrison Relay disabled 11428 | -8/Garrison | Triggered checkpoint 11562 | -8/Garrison | Triggered checkpoint 11722 | -8/Garrison | Build established: Commander-Mutant 11740 | -8/Garrison | Expanded RIF knowledge: Coupler Efficiency 11790 | -8/Garrison | Discovered new exit (range 15) 11801 | -8/Garrison | Discovered new exit (range 40) 11801 | -8/Garrison | Discovered new exit (range 12) 11801 | -8/Garrison | Discovered new exit (range 75) 11848 | -8/Garrison | Garrison Relay disabled 12001 | -8/Garrison | Expanded RIF knowledge: Watcher Feeds 12019 | -8/Garrison | Entered Factory 12019 | -7/Factory | Accompanied by 4 allies 12019 | -7/Factory | Evolved 2 slots: Utility x2 12165 | -7/Factory | Build established: Bothacker-Mutant 12211 | -7/Factory | Identified exit to Storage 12211 | -7/Factory | Identified exit to Lower Caves 12696 | -7/Factory | Fabricated Matter Neutralizer (x2) 12790 | -7/Factory | Fabricated Adv. System Shield (x1) 13188 | -7/Factory | Identified exit to Garrison 13188 | -7/Factory | Entered Garrison 13266 | -7/Garrison | Triggered checkpoint 13367 | -7/Garrison | Triggered checkpoint 13570 | -7/Garrison | Triggered checkpoint 13722 | -7/Garrison | Triggered checkpoint 13799 | -7/Garrison | Discovered new exit (range 15) 13874 | -7/Garrison | Expanded RIF knowledge: Robot Detection 13960 | -7/Garrison | Triggered checkpoint 14061 | -7/Garrison | Garrison Relay disabled 14274 | -7/Garrison | Triggered checkpoint 14324 | -7/Garrison | Triggered checkpoint 14338 | -7/Garrison | Discovered new exit (range 10) 14415 | -7/Garrison | Garrison Relay disabled 14562 | -7/Garrison | Garrison Relay disabled 14614 | -7/Garrison | Entered Factory 14614 | -7/Factory | Accompanied by 1 ally 14696 | -7/Factory | Identified exit to Garrison 14878 | -7/Factory | Build established: Botlord-Mutant 14988 | -7/Factory | Discovered exit to Lower Caves (range 18) 15038 | -7/Factory | Fabricated Y-45 Defender (x2) 15062 | -7/Factory | Discovered exit to Lower Caves (range 28) 15597 | -7/Factory | Build established: Bothacker-Mutant 15923 | -7/Factory | Fabricated P-60 Hacker (x2) 16125 | -7/Factory | Entered Garrison 16125 | -7/Garrison | Accompanied by 5 allies 16156 | -7/Garrison | Expanded RIF knowledge: Zone Cloak 16185 | -7/Garrison | Hacker 4b assimilated hostile S-27 Virus 16232 | -7/Garrison | Triggered checkpoint 16274 | -7/Garrison | Garrison Relay disabled 16629 | -7/Garrison | Garrison Relay disabled 16720 | -7/Garrison | Discovered new exit (range 10) 16880 | -7/Garrison | Triggered checkpoint 16914 | -7/Garrison | Build established: Botlord-Mutant 17020 | -7/Garrison | Garrison Relay disabled 17123 | -7/Garrison | Discovered new exit (range 14) 17230 | -7/Garrison | Triggered checkpoint 17282 | -7/Garrison | Found embedded Infiltrators 17342 | -7/Garrison | Triggered checkpoint 17368 | -7/Garrison | Triggered checkpoint 17380 | -7/Garrison | Garrison Relay disabled 17623 | -7/Garrison | Discovered new exit (range 12) 17646 | -7/Garrison | Triggered checkpoint 17698 | -7/Garrison | Discovered new exit (range 3) 17723 | -7/Garrison | Entered Factory 17723 | -7/Factory | Accompanied by 2 allies 17925 | -7/Factory | Identified exit to Garrison 18123 | -7/Factory | First assault squad dispatched 18254 | -7/Factory | Fabricated Hvy. Antimatter Reactor (x1) 18417 | -7/Factory | Fabricated P-60 Hacker (x2) 19074 | -7/Factory | Discovered new exit (range 12) 19199 | -7/Factory | Entered Garrison 19199 | -7/Garrison | Accompanied by 4 allies 19256 | -7/Garrison | Triggered checkpoint 19271 | -7/Garrison | Garrison Relay disabled 19300 | -7/Garrison | Expanded RIF knowledge: Command Fork 19452 | -7/Garrison | Core integrity fell below 50% 19496 | -7/Garrison | Triggered checkpoint 19604 | -7/Garrison | Triggered checkpoint 19646 | -7/Garrison | Triggered checkpoint 19689 | -7/Garrison | Garrison Relay disabled 19725 | -7/Garrison | Discovered new exit (range 14) 19882 | -7/Garrison | Triggered checkpoint 19985 | -7/Garrison | Discovered new exit (range 11) 20042 | -7/Garrison | Triggered checkpoint 20085 | -7/Garrison | Garrison Relay disabled 20306 | -7/Garrison | Triggered checkpoint 20417 | -7/Garrison | Discovered new exit (range 8) 20474 | -7/Garrison | Triggered checkpoint 20498 | -7/Garrison | Triggered checkpoint 20552 | -7/Garrison | Expanded RIF knowledge: Zone Cloak 20925 | -7/Garrison | Entered Factory 20925 | -6/Factory | Accompanied by 14 allies 20925 | -6/Factory | Evolved 2 slots: Utility x2 21275 | -6/Factory | First assault squad dispatched 21368 | -6/Factory | Identified exit to Lower Caves 21391 | -6/Factory | Repaired Broken System Restoration Module? 21801 | -6/Factory | Discovered new exit (range 14) 22647 | -6/Factory | Discovered new exit (range 31) 23011 | -6/Factory | Garrison activated, responded to threat 23030 | -6/Factory | Identified exit to Garrison 23361 | -6/Factory | Entered Garrison 23361 | -6/Garrison | Accompanied by 2 allies 23361 | -6/Garrison | Spotted B-90 Cyclops 23382 | -6/Garrison | Assimilated Cyclops 5a with formatsys_high 23399 | -6/Garrison | Rewired B-86 Titan 23402 | -6/Garrison | Rewired B-75 Beast 23421 | -6/Garrison | Build established: Bothacker-Mutant 23608 | -6/Garrison | Triggered checkpoint 23658 | -6/Garrison | Triggered checkpoint 23668 | -6/Garrison | Triggered checkpoint 23906 | -6/Garrison | Triggered checkpoint 23937 | -6/Garrison | Discovered new exit (range 11) 23982 | -6/Garrison | Build established: Commander-Mutant 23984 | -6/Garrison | Triggered checkpoint 24072 | -6/Garrison | Garrison Relay disabled 24230 | -6/Garrison | Triggered checkpoint 24284 | -6/Garrison | Garrison Relay disabled 24376 | -6/Garrison | Build established: Botlord-Mutant 24435 | -6/Garrison | Discovered new exit (range 14) 24656 | -6/Garrison | Discovered new exit (range 14) 24703 | -6/Garrison | Expanded RIF knowledge: Coupler Efficiency 25136 | -6/Garrison | Triggered checkpoint 25338 | -6/Garrison | Entered Factory 25338 | -6/Factory | Accompanied by 5 allies 25347 | -6/Factory | Identified exit to Garrison 25688 | -6/Factory | First assault squad dispatched 26133 | -6/Factory | Discovered new exit (range 7) 26215 | -6/Factory | Fabricated P-60 Hacker? 26608 | -6/Factory | Lost 4 parts (2n2u) 27239 | -6/Factory | Central database locked down 27776 | -6/Factory | Fabricated P-60 Hacker (x2) 27872 | -6/Factory | Identified exit to Garrison 27880 | -6/Factory | Entered Garrison 27880 | -6/Garrison | Accompanied by 10 allies 27948 | -6/Garrison | Triggered checkpoint 28041 | -6/Garrison | Garrison Relay disabled 28068 | -6/Garrison | Garrison Relay disabled 28085 | -6/Garrison | Triggered checkpoint 28266 | -6/Garrison | Imp. System Shield fried by hacking feedback 28359 | -6/Garrison | Triggered checkpoint 28389 | -6/Garrison | Triggered checkpoint 28414 | -6/Garrison | Triggered checkpoint 28440 | -6/Garrison | Triggered checkpoint 28530 | -6/Garrison | Triggered checkpoint 28615 | -6/Garrison | Garrison Relay disabled 28665 | -6/Garrison | Discovered new exit (range 10) 28868 | -6/Garrison | Triggered checkpoint 28930 | -6/Garrison | Expanded RIF knowledge: Threat Obfuscation 28941 | -6/Garrison | Garrison Relay disabled 28990 | -6/Garrison | Discovered new exit (range 10) 29126 | -6/Garrison | Discovered new exit (range 9) 29137 | -6/Garrison | Triggered checkpoint 29174 | -6/Garrison | Triggered checkpoint 29589 | -6/Garrison | Entered Factory 29589 | -5/Factory | Accompanied by 5 allies 29589 | -5/Factory | Evolved 2 slots: Utility x1, Weapon x1 29728 | -5/Factory | P-70 Sage assimilated allied Guardian 5e 29752 | -5/Factory | P-70 Sage assimilated allied Smith 6a 29889 | -5/Factory | First assault squad dispatched 29939 | -5/Factory | Discovered new exit (range 10) 30520 | -5/Factory | Identified exit to Upper Caves 31895 | -5/Factory | Discovered new exit (range 2) 32251 | -5/Factory | Discovered new exit (range 10) 32266 | -5/Factory | Identified exit to Garrison 32698 | -5/Factory | Entered Garrison 32698 | -5/Garrison | Accompanied by 6 allies 32800 | -5/Garrison | Triggered checkpoint 32862 | -5/Garrison | Triggered checkpoint 33023 | -5/Garrison | Garrison Relay disabled 33135 | -5/Garrison | Spotted Executioner 33137 | -5/Garrison | Spotted Executioner 33202 | -5/Garrison | Triggered checkpoint 33304 | -5/Garrison | Discovered new exit (range 8) 33351 | -5/Garrison | Learned Factory security intel 33366 | -5/Garrison | Discovered new exit (range 67) 33366 | -5/Garrison | Discovered new exit (range 62) 33366 | -5/Garrison | Discovered new exit (range 6) 33431 | -5/Garrison | Garrison Relay disabled 33554 | -5/Garrison | Triggered checkpoint 33598 | -5/Garrison | Expanded RIF knowledge: Autooverride 33612 | -5/Garrison | Garrison Relay disabled 34003 | -5/Garrison | Entered Factory 34003 | -5/Factory | Accompanied by 4 allies 34303 | -5/Factory | First assault squad dispatched 34396 | -5/Factory | Fabricated P-60 Hacker? 35082 | -5/Factory | Found Prototype Device 35087 | -5/Factory | Identified Exp. EM Disruption Field 35090 | -5/Factory | Found Exp. EM Disruption Field 35245 | -5/Factory | Identified exit to Garrison 35269 | -5/Factory | Entered Garrison 35269 | -5/Garrison | Accompanied by 9 allies 35302 | -5/Garrison | Triggered checkpoint 35376 | -5/Garrison | Garrison Relay disabled 35557 | -5/Garrison | Expanded RIF knowledge: Hotswap 35795 | -5/Garrison | Triggered checkpoint 35813 | -5/Garrison | Spotted B-75 Beast 35847 | -5/Garrison | Destroyed B-75 Beast 36071 | -5/Garrison | Triggered checkpoint 36100 | -5/Garrison | Triggered checkpoint 36267 | -5/Garrison | Discovered new exit (range 12) 36291 | -5/Garrison | Discovered new exit (range 6) 36291 | -5/Garrison | Discovered new exit (range 74) 36291 | -5/Garrison | Discovered new exit (range 50) 36388 | -5/Garrison | Triggered checkpoint 36407 | -5/Garrison | Garrison Relay disabled 36517 | -5/Garrison | P-80 Master assimilated allied Veteran 6c 36523 | -5/Garrison | P-80 Master assimilated allied Archangel 6a 36812 | -5/Garrison | Garrison Relay disabled 36896 | -5/Garrison | Triggered checkpoint 36924 | -5/Garrison | Garrison Relay disabled 37099 | -5/Garrison | Entered Factory 37099 | -4/Factory | Accompanied by 5 allies 37099 | -4/Factory | Evolved 2 slots: Utility x2 37440 | -4/Factory | Discovered new exit (range 11) 37528 | -4/Factory | Found Prototype Processor 37551 | -4/Factory | Identified Exp. Signal Interpreter 37717 | -4/Factory | Fabricated P-60 Hacker (x2) 37762 | -4/Factory | Fabricated P-60 Hacker? 37918 | -4/Factory | Allied Derelicts emerged from ambush trap array 37935 | -4/Factory | Identified exit to Upper Caves 37935 | -4/Factory | Identified exit to Extension 37936 | -4/Factory | Discovered new exit (range 47) 37978 | -4/Factory | Build established: Botlord-Gunner 38459 | -4/Factory | Spotted B-86 Titan 38490 | -4/Factory | Garrison activated, responded to threat 38502 | -4/Factory | Destroyed B-86 Titan 38914 | -4/Factory | Discovered new exit (range 26) 38991 | -4/Factory | Build established: Botlord-Mutant 39100 | -4/Factory | Found Prototype Launcher 39112 | -4/Factory | Identified Com. Tesla Bomb Launcher 39394 | -4/Factory | Discovered new exit (range 17) 39466 | -4/Factory | Entered Extension 39466 | -4/Extension | Accompanied by 5 allies 39605 | -4/Extension | Rescued a captive Derelict 39606 | -4/Extension | Rescued a captive Derelict 39611 | -4/Extension | Rescued a captive Derelict 39806 | -4/Extension | Rescued a captive Derelict 39894 | -4/Extension | Rescued a captive Derelict 39896 | -4/Extension | Rescued a captive Derelict 39945 | -4/Extension | Rescued a captive Derelict 39946 | -4/Extension | Rescued a captive Derelict 40422 | -4/Extension | Spotted B-86 Titan 40435 | -4/Extension | Destroyed B-86 Titan 40467 | -4/Extension | Destroyed B-86 Titan 40621 | -4/Extension | Rescued A7 40666 | -4/Extension | Rescued a captive Derelict 40667 | -4/Extension | Rescued a captive Derelict 40950 | -4/Extension | Discovered new exit (range 31) 40951 | -4/Extension | Discovered new exit (range 28) 41159 | -4/Extension | Entered Cetus 41159 | -4/Cetus | Accompanied by 18 allies (A7) 41164 | -4/Cetus | Acquired a Cetus Manufacturing Module code from A7 41170 | -4/Cetus | Spotted Cetus Guard 41170 | -4/Cetus | Spotted Cetus Guard 41174 | -4/Cetus | Allies destroyed Cetus Guard 41175 | -4/Cetus | Spotted Cetus Guard 41177 | -4/Cetus | Allies destroyed Cetus Guard 41178 | -4/Cetus | Spotted Cetus Guard 41193 | -4/Cetus | Allies destroyed Cetus Guard 41194 | -4/Cetus | Allies destroyed Cetus Guard 41285 | -4/Cetus | Started Cetus Manufacturing Module 41304 | -4/Cetus | Escorted A7 to Cetus Mainframe 41310 | -4/Cetus | Manufactured an Enhanced Grunt 41335 | -4/Cetus | Manufactured an Enhanced Grunt 41360 | -4/Cetus | Manufactured an Enhanced Grunt 41385 | -4/Cetus | Manufactured an Enhanced Grunt 41410 | -4/Cetus | Manufactured an Enhanced Grunt 41426 | -4/Cetus | Discovered new exit (range 15) 41457 | -4/Cetus | Entered Archives 41457 | -4/Archives | Accompanied by 17 allies (A7) 41462 | -4/Archives | Received a hacking code to weaken MAIN.C 41504 | -4/Archives | Discovered new exit (range 15) 41574 | -4/Archives | Discovered new exit (range 13) 41717 | -4/Archives | Entered Hub_04(d) 41717 | -4/Hub_04(d) | Accompanied by 14 allies 41919 | -4/Hub_04(d) | Spotted B-86 Titan 41965 | -4/Hub_04(d) | Found Prototype Device 42005 | -4/Hub_04(d) | Discovered new exit (range 15) 42018 | -4/Hub_04(d) | Identified Exp. Thermal Shield 42121 | -4/Hub_04(d) | Discovered new exit (range 22) 42265 | -4/Hub_04(d) | Discovered new exit (range 22) 43104 | -4/Hub_04(d) | Discovered new exit (range 21) 43372 | -4/Hub_04(d) | Network Hub disabled 43434 | -4/Hub_04(d) | Network Hub disabled 43452 | -4/Hub_04(d) | Build established: Botlord-Gunner 43467 | -4/Hub_04(d) | First assault squad dispatched 43546 | -4/Hub_04(d) | Network Hub disabled 43760 | -4/Hub_04(d) | Spotted Lightning 43761 | -4/Hub_04(d) | Spotted Lightning 43763 | -4/Hub_04(d) | Spotted Lightning 43773 | -4/Hub_04(d) | Destroyed Lightning 43782 | -4/Hub_04(d) | Identified exit to Research 43790 | -4/Hub_04(d) | Destroyed Lightning 43813 | -4/Hub_04(d) | Destroyed Lightning 43833 | -4/Hub_04(d) | Found Prototype Energy Cannon 43840 | -4/Hub_04(d) | Found Exp. Targeting Computer 43843 | -4/Hub_04(d) | Found Prototype Device 43845 | -4/Hub_04(d) | Identified Exp. Phase Shifter 43849 | -4/Hub_04(d) | Identified EMDS 43856 | -4/Hub_04(d) | Found EMDS 43860 | -4/Hub_04(d) | Found Exp. Targeting Computer 44109 | -4/Hub_04(d) | Network Hub disabled 44110 | -4/Hub_04(d) | System corruption reached 10% 44237 | -4/Hub_04(d) | Entered Research 44237 | -3/Research | Accompanied by 1 ally 44237 | -3/Research | Evolved 2 slots: Propulsion x2 44359 | -3/Research | Build established: Botlord-Mutant 44793 | -3/Research | Identified exit to Armory 44793 | -3/Research | Identified exit to Quarantine 44953 | -3/Research | Found Exp. Terrain Scan Processor 44955 | -3/Research | Found Exp. Terrain Scan Processor 44998 | -3/Research | Discovered new exit (range 15) 45388 | -3/Research | Discovered new exit (range 15) 45464 | -3/Research | Repaired Centrium Medium Armor Plating? 45516 | -3/Research | Repaired Imp. Heavy Treads 45537 | -3/Research | Repaired Imp. Weapon Shielding 45570 | -3/Research | Repaired Hyp. Mass Driver 46051 | -3/Research | Cargo convoy interrupted 46300 | -3/Research | Found Prototype Device 46391 | -3/Research | Identified Exp. Shield Generator 46408 | -3/Research | Spotted B-86 Titan 46490 | -3/Research | Found Fusion Bomb Launcher 46670 | -3/Research | Spotted B-90 Cyclops 46697 | -3/Research | Destroyed B-90 Cyclops 46877 | -3/Research | Repaired Imp. Weapon Shielding 46914 | -3/Research | Repaired Centrium Medium Armor Plating 46970 | -3/Research | Spotted B-86 Titan 46988 | -3/Research | Destroyed B-86 Titan 47007 | -3/Research | Central database locked down 47146 | -3/Research | Entered Quarantine 47146 | -3/Quarantine | Accompanied by 4 allies 47258 | -3/Quarantine | Spotted Alpha 7 47465 | -3/Quarantine | Found Dimensional Node Initializer 47468 | -3/Quarantine | Found Dimensional Node Initializer 47479 | -3/Quarantine | Found Hpw. Transdimensional Reconstructor 47499 | -3/Quarantine | Found Alien Artifact 47502 | -3/Quarantine | Found Hpw. Transdimensional Reconstructor 47609 | -3/Quarantine | Repaired Imp. Plasma Cutter? 47634 | -3/Quarantine | Found Alien Artifact 47957 | -3/Quarantine | Identified exit to Research 48166 | -3/Quarantine | Found Alien Artifact 48167 | -3/Quarantine | Identified Terrabomb 48167 | -3/Quarantine | Used Terrabomb 48178 | -3/Quarantine | Found Terrabomb 48261 | -3/Quarantine | Identified Subatomic Replicator 48453 | -3/Quarantine | Identified Transdimensional Reconstructor 48469 | -3/Quarantine | Found Phase Armor 48727 | -3/Quarantine | Found Alien Artifact 48753 | -3/Quarantine | Identified Phase Redirector 48844 | -3/Quarantine | Found Sigix Broadsword 49111 | -3/Quarantine | Found Alien Artifact 49154 | -3/Quarantine | Identified Core Reset Matrix 49311 | -3/Quarantine | System corruption reached 10% 49325 | -3/Quarantine | Garrison activated, responded to threat 49480 | -3/Quarantine | Initialized slip node 49849 | -3/Quarantine | Repaired Broken Imp. Heavy Siege Treads 49957 | -3/Quarantine | Repaired Exp. EM Disruption Field 50039 | -3/Quarantine | Repaired Arm. Heavy Treads 50141 | -3/Quarantine | Repaired Exp. Cooling System 50251 | -3/Quarantine | Repaired Centrium Medium Armor Plating? 50350 | -3/Quarantine | Repaired System Restoration Module 50459 | -3/Quarantine | Repaired System Restoration Module 50565 | -3/Quarantine | Repaired System Restoration Module 50645 | -3/Quarantine | Repaired Hyp. Mass Driver 50987 | -3/Quarantine | Warped through subspace to slip node 50990 | -3/Quarantine | Found Transdimensional Reconstructor 51091 | -3/Quarantine | Spotted Fortress 51139 | -3/Quarantine | Core integrity fell below 50% 51235 | -3/Quarantine | Discovered new exit (range 6) 51248 | -3/Quarantine | Entered Section 7 51315 | -3/Section 7 | Repaired Broken Imp. Heavy Siege Treads 51410 | -3/Section 7 | Found Alien Artifact 51410 | -3/Section 7 | Identified Microwarp Drive 51515 | -3/Section 7 | Found Integrated Mediator 51515 | -3/Section 7 | Installed Integrated Mediator, increased core attachment efficiency. 51893 | -3/Section 7 | Discovered exit to Research (range 25) 51912 | -3/Section 7 | Found Integrated Dissipator 51912 | -3/Section 7 | Installed Integrated Dissipator, increased core heat dissipation (+20) 51990 | -3/Section 7 | Spotted S7 Guard 52030 | -3/Section 7 | Spotted S7 Guard 52070 | -3/Section 7 | Destroyed S7 Guard 52078 | -3/Section 7 | Destroyed S7 Guard 52177 | -3/Section 7 | Found Core Membrane 52177 | -3/Section 7 | Installed Core Membrane, gained immunity to corruption 52231 | -3/Section 7 | Found Alien Artifact 52250 | -3/Section 7 | Identified Core Regenerator 52706 | -3/Section 7 | Spotted B-86 Titan 52707 | -3/Section 7 | Identified exit to Garrison 52791 | -3/Section 7 | Found Prototype Processor 52795 | -3/Section 7 | Identified Spectral Analyzer 52803 | -3/Section 7 | Used Core Regenerator, restored core integrity (+325) 52811 | -3/Section 7 | Repaired Lyr. Heavy Armor Plating 53069 | -3/Section 7 | Warped through subspace 53159 | -3/Section 7 | Garrison activated, responded to threat 53264 | -3/Section 7 | Spotted S7 Guard 53279 | -3/Section 7 | Warped through subspace 53584 | -3/Section 7 | Destroyed S7 Guard 53865 | -3/Section 7 | Found Core Physics Calibrator 54459 | -3/Section 7 | Spotted Executioner 54459 | -3/Section 7 | Spotted Executioner 54498 | -3/Section 7 | First assault squad dispatched 54507 | -3/Section 7 | Spotted B-99 Colossus 54555 | -3/Section 7 | Found Integrated Dissipator 54573 | -3/Section 7 | Destroyed Executioner 54576 | -3/Section 7 | Destroyed Executioner 54586 | -3/Section 7 | Installed Integrated Dissipator, increased core heat dissipation (+20) 54620 | -3/Section 7 | Found Exp. Core Analyzer 54623 | -3/Section 7 | Found Exp. Core Analyzer 54627 | -3/Section 7 | Found Prototype Device 54644 | -3/Section 7 | Identified Adv. Kinecellerator 54726 | -3/Section 7 | Found Alien Artifact 54726 | -3/Section 7 | Identified LRC Energy Well 54726 | -3/Section 7 | Installed LRC Energy Well, increased energy storage capacity (+250) 54735 | -3/Section 7 | Found Alien Artifact 54735 | -3/Section 7 | Identified LRC Armor 54735 | -3/Section 7 | Installed LRC Armor, increased core integrity (+250) 54805 | -3/Section 7 | Found Alien Artifact 54981 | -3/Section 7 | Used Terrabomb 55204 | -3/Section 7 | Found Transdimensional Reconstructor 55219 | -3/Section 7 | Found Terrabomb 55412 | -3/Section 7 | Build established: Botlord-Gunner 55547 | -3/Section 7 | Spotted S7 Guard 55550 | -3/Section 7 | Found Alien Artifact 55670 | -3/Section 7 | Entered Research 55670 | -2/Research | Evolved 2 slots: Power x1, Weapon x1 55694 | -2/Research | Identified Navigation Efficiency Matrix 55694 | -2/Research | Identified Core Expander 55694 | -2/Research | Installed Core Expander, added new Utility slot 55717 | -2/Research | Build established: Botlord-Mutant 55920 | -2/Research | First assault squad dispatched 55939 | -2/Research | Identified exit to Testing 56193 | -2/Research | Found Antimissile System 56336 | -2/Research | Found Exp. Force Field 56500 | -2/Research | Found Prototype Launcher 56632 | -2/Research | Identified Adv. Micro-nuke Launcher 57234 | -2/Research | Discovered new exit (range 22) 57479 | -2/Research | Found Prototype Launcher 57519 | -2/Research | Spotted B-90 Cyclops 57638 | -2/Research | Entered Testing 57779 | -2/Testing | Spotted PX-Y3XPPVVUPJ 57795 | -2/Testing | Rewired PX-Y3XPPVVUPJ 57874 | -2/Testing | Repaired Broken Helical Railgun 57909 | -2/Testing | Repaired Exp. Cooling System 57946 | -2/Testing | Repaired Helical Railgun? 58144 | -2/Testing | Found Prototype Leg 58144 | -2/Testing | Identified Myomer Exoskeleton 58233 | -2/Testing | Found Prototype Ballistic Cannon 58281 | -2/Testing | Identified Perforator 58309 | -2/Testing | Found Prototype Device 58330 | -2/Testing | Spotted Striker 58330 | -2/Testing | Spotted Striker 58355 | -2/Testing | Identified exit to Access 58411 | -2/Testing | Repaired Helical Railgun? 58546 | -2/Testing | Identified Beam Splitter 58546 | -2/Testing | Identified Ragnarok Missile Launcher 58596 | -2/Testing | Found Prototype Energy Cannon 58596 | -2/Testing | Identified Disintegrator 58722 | -2/Testing | Found Prototype Energy Gun 58726 | -2/Testing | Identified Hyp. EM Gauss Rifle 58982 | -2/Testing | Found Exp. Shock Absorption System 59587 | -2/Testing | Identified exit to Garrison 59587 | -2/Testing | Entered Garrison 59633 | -2/Garrison | Build established: Hacker-Mutant 59685 | -2/Garrison | Garrison Relay disabled 59742 | -2/Garrison | Triggered checkpoint 59761 | -2/Garrison | Spotted B-90 Cyclops 59767 | -2/Garrison | Triggered checkpoint 59956 | -2/Garrison | Discovered exit to Access (range 8) 59962 | -2/Garrison | Triggered checkpoint 59977 | -2/Garrison | Discovered exit to Access (range 71) 59977 | -2/Garrison | Discovered exit to Access (range 77) 59977 | -2/Garrison | Discovered exit to Access (range 20) 59979 | -2/Garrison | Garrison Relay disabled 60205 | -2/Garrison | Found embedded Infiltrators 60220 | -2/Garrison | Garrison Relay disabled 60263 | -2/Garrison | Expanded RIF knowledge: Crosswire 60285 | -2/Garrison | Build established: Botlord-Mutant 60318 | -2/Garrison | Rescued a captive Derelict 60372 | -2/Garrison | Spotted B-90 Cyclops 60388 | -2/Garrison | Found Relay Coupler [Proto] 60392 | -2/Garrison | Found Relay Coupler [Proto] 60394 | -2/Garrison | Found Relay Coupler [Proto] 60398 | -2/Garrison | Found Relay Coupler [Proto] 60518 | -2/Garrison | Entered Access 60518 | -1/Access | Accompanied by 4 allies 60518 | -1/Access | Evolved 2 slots: Utility x2 60552 | -1/Access | Found Antimissile System 60587 | -1/Access | Identified exit to Command 60650 | -1/Access | Used Subatomic Replicator to create Alien Artifact 60806 | -1/Access | Garrison activated, responded to threat 61155 | -1/Access | Build established: Botlord-Assassin 61920 | -1/Access | Build established: Botlord-Mutant 62326 | -1/Access | Build established: Botlord-Assassin 62440 | -1/Access | Found Exp. Core Analyzer 62578 | -1/Access | Spotted B-99 Colossus 62698 | -1/Access | Found Prototype Device 62698 | -1/Access | Identified Adv. Particle Accelerator 63366 | -1/Access | Entered Command 63608 | -1/Command | Build established: Botlord-Mutant 63880 | -1/Command | Spotted M Guard 63881 | -1/Command | Spotted M Guard 63883 | -1/Command | Spotted Combat Programmer 63883 | -1/Command | Spotted Combat Programmer 63930 | -1/Command | Destroyed Combat Programmer 63949 | -1/Command | Destroyed Combat Programmer 63955 | -1/Command | Assimilated M Guard with formatsys_high 63955 | -1/Command | Assimilated M Guard with formatsys_high 64298 | -1/Command | Spotted Executioner 64298 | -1/Command | Spotted Executioner 64304 | -1/Command | Spotted Striker 64304 | -1/Command | Spotted Alpha 7 64332 | -1/Command | Assimilated Executioner with formatsys_high 64333 | -1/Command | Assimilated Alpha 7 with formatsys_high 64359 | -1/Command | Spotted Executioner 64360 | -1/Command | Spotted Executioner 64360 | -1/Command | Spotted Striker 64361 | -1/Command | Spotted Alpha 7 64362 | -1/Command | Spotted B-99 Colossus 64363 | -1/Command | Assimilated Alpha 7 with formatsys_high 64364 | -1/Command | Assimilated Striker with formatsys_high 64364 | -1/Command | Assimilated Executioner with formatsys_high 64368 | -1/Command | Spotted B-99 Colossus 64371 | -1/Command | Assimilated Colossus 10a with formatsys_high 64394 | -1/Command | Discovered new exit (range 8) 64397 | -1/Command | Allies destroyed B-99 Colossus 64402 | -1/Command | Found Exp. Core Analyzer 64606 | -1/Command | P-80 Master assimilated allied Colossus 10a 64615 | -1/Command | Destroyed Colossus 10a 64624 | -1/Command | Found Multirail 64681 | -1/Command | Build established: Commander-Mutant 64834 | -1/Command | Met MAIN.C 64834 | -1/Command | Hacked MAIN.C using A7's code 64835 | -1/Command | 0b10 Conduit disabled 64848 | -1/Command | Allies destroyed MAIN.C Shell 64849 | -1/Command | MAIN.C activated Command garrisons 64878 | -1/Command | Destroyed MAIN.C 64905 | -1/Command | Discovered new exit (range 29) 64905 | -1/Command | Discovered new exit (range 98) 64905 | -1/Command | Identified Supercharged TR 64905 | -1/Command | Extracted map data and part IDs from MAIN.C's data core 65111 | -1/Command | Build established: Scavenger-Gunner 65554 | -1/Command | Used Terrabomb 65564 | -1/Command | Found Vortex Chain Reactor 65567 | -1/Command | Found Zero-point Reactor 65574 | -1/Command | Found Exp. Focal Shield 65590 | -1/Command | Found Exp. Armor Integrity Analyzer 65600 | -1/Command | Found Imp. Potential Cannon 65656 | -1/Command | Found Adv. Particle Accelerator 65849 | -1/Command | Build established: Commander-Mutant 66202 | -1/Command | Warped through subspace to slip node 66202 | -1/Command | Discovered new exit (range 4) 66221 | -1/Command | Entered Access_0 66221 | -1/Access_0 | Accompanied by 5 allies 66222 | -1/Access_0 | Met Architect 66232 | -1/Access_0 | Architect warped through subspace 66238 | -1/Access_0 | Allies destroyed A8 66254 | -1/Access_0 | Found Hvy. Regenerative Plating 66287 | -1/Access_0 | Architect warped through subspace 66338 | -1/Access_0 | Architect warped through subspace 66340 | -1/Access_0 | Allies destroyed Alpha 7 66353 | -1/Access_0 | Spotted Enhanced Programmer 66404 | -1/Access_0 | Architect warped through subspace 66410 | -1/Access_0 | Subspace Access Node disabled 66445 | -1/Access_0 | Architect warped through subspace 66479 | -1/Access_0 | Architect warped through subspace 66495 | -1/Access_0 | Subspace Access Node disabled 66515 | -1/Access_0 | Architect warped through subspace 66536 | -1/Access_0 | Spotted Enhanced Programmer 66543 | -1/Access_0 | Destroyed Enhanced Programmer 66556 | -1/Access_0 | Architect warped through subspace 66566 | -1/Access_0 | Spotted Enhanced Programmer 66583 | -1/Access_0 | Architect warped through subspace 66598 | -1/Access_0 | A6 warped into view 66611 | -1/Access_0 | Spotted Enhanced Programmer 66632 | -1/Access_0 | Spotted Enhanced Programmer 66657 | -1/Access_0 | Destroyed Enhanced Programmer 66664 | -1/Access_0 | Spotted Enhanced Programmer 66667 | -1/Access_0 | Destroyed Enhanced Programmer 66681 | -1/Access_0 | Core integrity fell below 50% 66703 | -1/Access_0 | Subspace Access Node disabled 66716 | -1/Access_0 | Lost 9 parts (1p1n6u1w) 66723 | -1/Access_0 | Spotted Enhanced Programmer 66741 | -1/Access_0 | Architect warped through subspace 66753 | -1/Access_0 | A5 warped into view 66760 | -1/Access_0 | Core integrity fell below 20% 66765 | -1/Access_0 | Warped through subspace to slip node 66765 | -1/Access_0 | Discovered new exit (range 8) 66773 | *** | Establishing 0b11! Last Messages --------------- 66756_ Penetrated by Quantum Shear. 66757_ Recoil Nullifier destroyed. 66757_ Core Membrane filtered system corruption (1). 66761_ Penetrated by Quantum Shear. 66761_ Lrn. Terrain Scanner destroyed. 66762_ Microwarp Drive destroyed. 66762_ Core Membrane filtered system corruption (1). 66763_ Ragnarok Missile intercepted. 66763_ Core Membrane filtered system corruption (1). 66764_ Penetrated by Quantum Shear. 66764_ Quantum Shear penetrates A5. 66764_ Penetrated by Quantum Shear. 66764_ HV Slug penetrates Wall. 66764_ Penetrated by HV Slug. 66764_ Knocked back. 66765_ Acquired 1 matter. 66765_ Warped through subspace, drawn to slip node. 66765_ EXIT=FOUND 66766_ A0_RES: I have more important things to do than play hide-and-seek. Deal with this piece of junk if it returns. Map ----- +----------------------------------------------------+ | | | | | | | | | | | | | | | | | | | | | | | | | | | | | | | | | ?????????????????????????????????????????????????? | | ?????????????????????????????????????????????????? | | ?????????????????????????????????????????????????? | | ?????????????????????????????????????????????????? | | ?????????????????????????????????????????????????? | | ?????????????????????????????????????????????????? | | ????????????????????????###??????????????????????? | | ???????????????????????## ##?????????????????????? | | ???????????????????????# #?????????????????????? | | ???????????????????????# @ #?????????????????????? | | ??????????????????????## #?????????????????????? | | ??????????????????????# #?????????????????????? | | ??????????????????????# ##?????????????????????? | | ??????????????????????## #?????????????????????? | | ??????????????????????# #?????????????????????? | | ??????????????????????# ##?????????????????????? | | ??????????????????????# < #?????????????????????? | | ??????????????????????# ##?????????????????????? | | ??????????????????????## #??????????????????????? | | ???????????????????????####??????????????????????? | | ?????????????????????????????????????????????????? | | ?????????????????????????????????????????????????? | | ?????????????????????????????????????????????????? | | ?????????????????????????????????????????????????? | | ?????????????????????????????????????????????????? | | ?????????????????????????????????????????????????? | | ?????????????????????????????????????????????????? | | ?????????????????????????????????????????????????? | | ?????????????????????????????????????????????????? | | ?????????????????????????????????????????????????? | | ?????????????????????????????????????????????????? | | ?????????????????????????????????????????????????? | | ?????????????????????????????????????????????????? | | ?????????????????????????????????????????????????? | +----------------------------------------------------+ Best States ------------- Heat Dissipation 130 Energy Generation 55 Energy Capacity 1100 Matter Stores 300 Matter Capacity 300 Sight Range 24 Robot Scan Range 15 Terrain Scan Range 24 Terrain Scan Density 1010 Base Temperature (-) 100 Armor Coverage 1200 Resistance: KI 30 Resistance: TH 75 Resistance: EM 75 Core Shielding 20 Power Shielding 33 Utility Shielding 66 Weapon Shielding 66 Point Defense Rating 240 Weapon Cycling 25 Evasion (%) 64 Targeting Accuracy 16 Core Analysis 8 Armor Integrity Analysis 50 Recoil Reduction 6 Particle Charging 50 Kinecelleration 50 Offensive Hacking 38 Defensive Hacking 14 Relay Coupler Types 7 Relay Coupler Value 184 Authchip Count 1 Item Schematics ----------------- Imp. Flight Unit | -9/Materials | Scanalyzed Lrg. Storage Unit | -9/Materials | Scanalyzed Hcp. Storage Unit | -9/Materials | Scanalyzed Huge Storage Unit | -8/Mines | Hacked Hacking Suite | -8/Materials | Scanalyzed Adv. System Shield | -7/Factory | Hacked Mni. Grenade Launcher | -7/Factory | Scanalyzed Imp. Light Armor Plating | -7/Factory | Scanalyzed Aerolev Unit | -7/Factory | Scanalyzed KE Penetrator | -7/Factory | Scanalyzed Imp. Remote Datajack | -7/Factory | Scanalyzed Impact Mace | -7/Factory | Scanalyzed Med. Reactive Plating | -6/Factory | Scanalyzed System Restoration Module | -6/Factory | Scanalyzed Triangulator | -6/Factory | Scanalyzed Adv. Salvage Targeting Computer | -6/Factory | Scanalyzed Graphene Brace | -6/Factory | Scanalyzed Imp. System Restoration Module | -6/Factory | Scanalyzed Imp. Hacking Suite | -6/Factory | Hacked Imp. Kinecellerator | -5/Factory | Scanalyzed Hvy. Linear Accelerator | -5/Factory | Scanalyzed Imp. Plasma Cutter | -5/Factory | Scanalyzed Lyr. Heavy Armor Plating | -5/Factory | Scanalyzed Exp. Heat Sink | -5/Factory | Scanalyzed Adv. System Restoration Module | -5/Factory | Scanalyzed Hyp. Gauss Cannon | -5/Factory | Scanalyzed Adv. Trap Extractor | -5/Factory | Scanalyzed Centrium Medium Armor Plating | -3/Research | Scanalyzed Adv. Targeting Computer | -3/Research | Scanalyzed Exp. Matter Compressor | -3/Research | Scanalyzed Adv. Energy Well | -3/Research | Scanalyzed Exp. EM Disruption Field | -3/Research | Scanalyzed Exp. Phase Shifter | -3/Research | Scanalyzed Exp. Utility Shielding | -3/Research | Hacked Imp. Matter Neutralizer | -3/Quarantine | Archive Prc. Phase Gun | -3/Quarantine | Archive Exp. Field Recycling Unit | -3/Quarantine | Archive Exp. Thermal Generator | -3/Quarantine | Archive Exp. Q-thruster | -3/Quarantine | Hacked Exp. Terrain Scan Processor | -3/Quarantine | Scanalyzed Adv. Component Analysis Suite | -3/Quarantine | Scanalyzed Exp. Shield Generator | -3/Quarantine | Scanalyzed Exp. Target Analyzer | -3/Quarantine | Archive Hvy. Tesla Rifle | -3/Quarantine | Archive Prc. Matter Filter | -3/Quarantine | Archive Adv. Matter Compressor | -3/Quarantine | Archive Helical Railgun | -2/Research | Scanalyzed Exp. Cooling System | -2/Research | Scanalyzed Antimissile System | -2/Research | Scanalyzed Exp. Focal Shield | -2/Testing | Hacked Exp. Propulsion Shielding | -2/Testing | Hacked Exp. Targeting Computer | -2/Testing | Hacked Robot Schematics ------------------ P-60 Hacker | -7/Factory | Hacked P-80 Master | -3/Research | Hacked H-77 Assassin | -3/Research | Hacked K-01 Serf | -3/Quarantine | Archive T-07 Excavator | -3/Quarantine | Archive S-43 Plague | -3/Quarantine | Archive O-32 Director | -3/Quarantine | Archive A-02 Transporter | -3/Quarantine | Archive R-06 Scavenger | -3/Quarantine | Archive H-88 Terminator | -2/Testing | Hacked Fabricated ------------ Matter Neutralizer | x2 | -7/Factory | Preloaded Adv. System Shield | x1 | -7/Factory Y-45 Defender | x2 | -7/Factory | Preloaded P-60 Hacker | x2 | -7/Factory Hvy. Antimatter Reactor | x1 | -7/Factory | Preloaded P-60 Hacker | x2 | -7/Factory P-60 Hacker | x2 | -6/Factory | Authchip P-60 Hacker | x2 | -6/Factory | Authchip P-60 Hacker | x2 | -5/Factory | Authchip P-60 Hacker | x2 | -4/Factory | Authchip P-60 Hacker | x2 | -4/Factory | Authchip Alien Tech Used ----------------- Terrabomb Sigix Broadsword Phase Redirector Dimensional Node Initializer Transdimensional Reconstructor Phase Armor Microwarp Drive Integrated Mediator Integrated Dissipator Core Membrane Core Regenerator High-powered Transdimensional Reconstructor Core Physics Calibrator LRC Energy Well LRC Armor Core Expander Subatomic Replicator Supercharged TR Achievements -------------- 404 Challenges ------------ None Game ------ Seed FireTerrabombClaymores Manual? 0 Play Time 17:52:20 Cumulative 557.4 hours Start 2023.03.26 @ 14:55:32 End 2023.03.28 @ 17:48:48 Sessions 13 Manual Loads 0 Difficulty Rogue Special Mode None Game No. 124 Rogue 124 Adventurer 0 Explorer 0 Win Type 1 Total 28 Types 18/3/4/0/1/0/1/1/0 Lore% 91 Gallery% 93 Achievement% 83 Wizard Run 0 Options --------- ASCII 0 Keyboard 0 Movement Numpad Keybinds 0 Fullscreen 1 Font 14/SmallcapsGlow Map View 84x54 Tactical HUD 1 Map Filters NONE Filters NONE Steam 1 RUN: 424060e3-7911-4577-9c92-47a47dd84c04